 Dungeon Crawl Stone Soup version 0.22-a0-558-gc224181 (webtiles) character file.

815700 Mgcat the Conqueror (level 27, -7/199 HPs)
             Began as a Barachi Fighter on June 25, 2018.
             Was the Champion of Ashenzari.
             Killed from afar by a quicksilver dragon (29 damage)
             ... with a bolt of dispelling energy
             ... on level 7 of the Iron City of Dis on June 26, 2018.
             The game lasted 05:05:26 (80343 turns).

Mgcat the Conqueror (Barachi Fighter)              Turns: 80343, Time: 05:05:27

Health: -7/199     AC: 47    Str: 31    XL:     27
Magic:  13/37      EV: 20    Int: 16    God:    Ashenzari [******]
Gold:   8702       SH: 23    Dex: 15    Spells: 22/46 levels left

rFire    + + +     SeeInvis +   n - +9 eudemon blade (holy)
rCold    + . .     Gourm    .   k - +5 shield {rN+} (curse)
rNeg     + + +     Faith    .   h - +12 gold dragon scales (curse)
rPois    +         Spirit   .   (no helmet)
rElec    .         Reflect  .   q - +2 cloak {MR+} (curse)
rCorr    +         Harm     .   D - +2 pair of gloves {Str+3} (curse)
MR       ++++.     Clarity  +   N - +2 pair of boots {run} (curse)
Stlth    ..........             x - macabre finger necklace {rN+} (curse)
HPRegen  1.43/turn              B - ring of Reimbursement {rF++ rN+ Dex+2} (curse)
MPRegen  0.25/turn              Q - ring "Wumn" {rN+ MR+ Str+3} (curse)
                                v - ring "Jaelef" {rCorr Int+3 SInv} (curse)

@: scrying, regenerating (expiring)
A: +LOS, swims, iridescent scales 1, berserk 2, deformed body, frail 2, slowness
1, MP-powered wands, sturdy frame 1, strong legs 2
}: 5/15 runes: barnacled, slimy, silver, obsidian, gossamer
a: Hop, Curse Item, Scrying, Transfer Knowledge, Renounce Religion


You were on level 7 of the Iron City of Dis.
You worshipped Ashenzari.
Ashenzari was exalted by your worship.
You were not hungry.

You visited 14 branches of the dungeon, and saw 72 of its levels.
You visited the Abyss 1 time.
You also visited: Trove, Ice Cave and Desolation.

You collected 10626 gold pieces.
You spent 1924 gold pieces at shops.

Inventory:

Hand Weapons
 n - a +9 eudemon blade of holy wrath (weapon)
   (You took it off Mennas on level 4 of the Vaults)
 H - the +9 triple sword "Cogobomosk" {drain, rPois rC+ Int+4}
   (You found it on level 5 of the Pits of Slime)

   A truly terrible weapon, it drains the life of those it strikes.
   It affects your intelligence (+4).
   It protects you from cold.
   It protects you from poison.
Missiles
 s - 13 throwing nets {=f, !d}
Armour
 h - cursed +12 gold dragon scales (worn)
   (You found it on level 1 of the Dungeon)
 k - a cursed +5 shield of positive energy (worn)
   (You acquired it on level 3 of the Spider Nest)
 q - a cursed +2 cloak of magic resistance (worn)
   (You took it off a draconian stormcaller on level 5 of the Depths)
 D - a cursed +2 pair of gloves of strength (worn)
   (You found it on level 1 of the Elven Halls)
 N - a cursed +2 pair of boots of running (worn)
   (You acquired it on level 1 of the Shoals)
 R - a cursed +1 large shield of poison resistance
   (You acquired it on level 1 of the Spider Nest)
 X - a cursed +2 helmet of intelligence
   (You found it on level 5 of the Vaults)
Jewellery
 v - the cursed ring "Jaelef" (on amulet) {rCorr Int+3 SInv}
   (You found it in a treasure trove)

   [ring of resist corrosion]

   It affects your intelligence (+3).
   It lets you see invisible.
   It has a curse placed upon it.
 x - the cursed macabre finger necklace (around neck) {rN+}
   (You bought it in a shop on level 2 of the Orcish Mines)

   [amulet of nothing]

   It protects you from negative energy.
   It has a curse placed upon it.
 B - the cursed ring of Reimbursement (left hand) {rF++ rN+ Dex+2}
   (You found it on level 3 of the Crypt)

   [ring of positive energy]

   It affects your dexterity (+2).
   It greatly protects you from fire.
   It protects you from negative energy.
   It has a curse placed upon it.
 Q - the cursed ring "Wumn" (right hand) {rN+ MR+ Str+3}
   (You found it on level 3 of the Crypt)

   [ring of positive energy]

   It affects your strength (+3).
   It protects you from negative energy.
   It affects your resistance to hostile enchantments.
   It has a curse placed upon it.
 W - the ring of Litot {rF+ MP+9 Str+4 Int-3}
   (You found it on level 5 of the Pits of Slime)

   [ring of magical power]

   It affects your strength (+4).
   It affects your intelligence (-3).
   It protects you from fire.
   It affects your magic capacity (+9).
Wands
 b - a wand of iceblast (13)
   (You found it on level 6 of the Lair of Beasts)
 z - a wand of digging (21)
   (You took it off an orc warrior on level 11 of the Dungeon)
 P - a wand of acid (17)
   (You found it on level 3 of the Realm of Zot)
Scrolls
 a - 2 scrolls of enchant weapon
 i - a scroll of silence
 m - 9 scrolls of fear
 u - a scroll of holy word {!r}
 y - 2 scrolls of summoning
 A - 4 scrolls of fog
 E - 5 scrolls of remove curse
 F - 16 scrolls of teleportation
 G - 4 scrolls of magic mapping {!r}
 L - 30 scrolls of identify
 O - 7 scrolls of blinking {!r}
Potions
 g - 6 potions of magic
 l - 15 potions of flight
 o - 11 potions of lignification {!q}
 r - 3 potions of curing
 w - 6 potions of resistance
 C - 4 potions of cancellation
 I - 3 potions of invisibility
 J - a potion of might
 M - 3 potions of brilliance
 U - a potion of agility
Miscellaneous
 j - 2 boxes of beasts
 t - 5 phantom mirrors
 K - a phial of floods
   (You found it on level 5 of the Pits of Slime)
 V - a sack of spiders
Comestibles
 c - a chunk of flesh {@w0}
 f - 69 rations


   Skills:
 O Level 27 Fighting
 + Level 25.3 Long Blades
 - Level 25.6(27) Armour
 - Level 20.9 Dodging
 + Level 19.5(21.8) Shields
 - Level 10.0 Spellcasting
 - Level 16.1(20.0) Charms
 + Level 17.8(21.5) Summonings
 + Level 14.8(18.8) Necromancy
 - Level 5.5(10.0) Translocations
 - Level 5.6(10.1) Air Magic
 - Level 16.1(20.0) Earth Magic


You had 22 spell levels left.
You knew the following spells:

 Your Spells              Type           Power        Failure   Level  Hunger
a - Blink                 Tloc           N/A          1%          2    None
b - Borgnjor's Vile Clut  Necr/Erth      ######....   1%          5    #####..
c - Aura of Abjuration    Summ           ######....   1%          5    #####..
d - Swiftness             Chrm/Air       ######..     1%          2    None
e - Summon Butterflies    Summ           ######..     0%          1    None
f - Regeneration          Chrm/Necr      ######....   1%          3    None
g - Deflect Missiles      Chrm/Air       ######....   11%         6    ######.

Your spell library contained the following spells:

 Spells                   Type           Power        Failure   Level  Hunger
 Magic Dart               Conj           ##..         26%         1    None
 Fireball                 Conj/Fire      ##........   100%        5    #####..
 Apportation              Tloc           #####.       1%          1    None
 Conjure Flame            Conj/Fire      ##......     61%         3    None
 Bolt of Fire             Conj/Fire      ##........   100%        6    ######.
 Slow                     Hex            ##......     36%         2    None
 Confuse                  Hex            ##......     61%         3    None
 Throw Frost              Conj/Ice       ##....       36%         2    None
 Freezing Cloud           Conj/Ice/Air   ###.......   100%        6    ######.
 Mephitic Cloud           Conj/Pois/Air  ###.....     22%         3    None
 Ring of Flames           Chrm/Fire      #####.....   99%         7    #######
 Venom Bolt               Conj/Pois      ##........   100%        5    #####..
 Olgreb's Toxic Radiance  Pois           ##......     95%         4    ###....
 Teleport Other           Tloc           #####...     1%          3    None
 Death's Door             Chrm/Necr      ######....   61%         8    #######
 Summon Small Mammal      Summ           ####         0%          1    None
 Iskenderun's Mystic Bla  Conj           ##......     95%         4    ###....
 Summon Horrible Things   Summ           ######....   32%         8    #######
 Animate Dead             Necr           N/A          1%          4    ###....
 Animate Skeleton         Necr           N/A          0%          1    None
 Haunt                    Necr/Summ      ######....   8%          7    #######
 Borgnjor's Revivificati  Necr           ######....   69%         8    #######
 Ozocubu's Refrigeration  Ice            ##........   100%        6    ######.
 Sticky Flame             Conj/Fire      ##......     95%         4    ###....
 Summon Ice Beast         Ice/Summ       #####...     3%          4    ###....
 Ozocubu's Armour         Chrm/Ice       #####...     1%          3    None
 Call Imp                 Summ           ######..     0%          2    None
 Sting                    Conj/Pois      ##..         26%         1    None
 Tukima's Dance           Hex            ##......     61%         3    None
 Summon Demon             Summ           ######....   1%          5    #####..
 Summon Greater Demon     Summ           ######....   4%          7    #######
 Corpse Rot               Necr           N/A          1%          2    None
 Stone Arrow              Conj/Erth      #####.       1%          3    None
 Recall                   Summ/Tloc      N/A          1%          3    None
 Spider Form              Tmut/Pois      ##........   61%         3    None
 Blade Hands              Tmut           ##........   100%        5    #####..
 Ice Form                 Ice/Tmut       ##......     95%         4    ###....
 Necromutation            Tmut/Necr      #####.....   100%        8    #######
 Death Channel            Necr           ######....   2%          6    ######.
 Shadow Creatures         Summ           N/A          1%          6    ######.
 Confusing Touch          Hex            ##....       26%         1    None
 Flame Tongue             Conj/Fire      ##...        26%         1    None
 Passwall                 Tmut/Erth      #####...     1%          2    None
 Sticks to Snakes         Tmut           ##......     36%         2    None
 Ensorcelled Hibernation  Hex/Ice        ##....       36%         2    None
 Metabolic Englaciation   Hex/Ice        ##........   100%        5    #####..
 Silence                  Hex/Air        ####......   71%         5    #####..
 Corona                   Hex            ##.....      26%         1    None
 Lee's Rapid Deconstruct  Erth           ######....   1%          5    #####..
 Sandblast                Erth           ######       0%          1    None
 Simulacrum               Ice/Necr       #####.....   67%         6    ######.
 Conjure Ball Lightning   Conj/Air       ####......   99%         6    ######.
 Excruciating Wounds      Chrm/Necr      ######....   1%          5    #####..
 Portal Projectile        Hex/Tloc       ####..       12%         3    None
 Monstrous Menagerie      Summ           ######....   4%          7    #######
 Petrify                  Tmut/Erth      #####...     4%          4    ###....
 Passage of Golubria      Tloc           N/A          5%          4    ###....
 Malign Gateway           Summ/Tloc      ######....   41%         7    #######
 Tornado                  Air            #####.....   100%        9    #######
 Leda's Liquefaction      Hex/Erth       #####.....   4%          4    ###....
 Summon Hydra             Summ           ######....   4%          7    #######
 Darkness                 Hex            ##........   100%        6    ######.
 Inner Flame              Hex/Fire       ##......     61%         3    None
 Beastly Appendage        Tmut           ##....       26%         1    None
 Disjunction              Tloc           #####.....   100%        8    #######
 Iskenderun's Battlesphe  Conj/Chrm      #####...     14%         5    #####..
 Fulminant Prism          Conj/Hex       ##........   95%         4    ###....
 Dazzling Spray           Conj/Hex       ##....       61%         3    None
 Force Lance              Conj/Tloc      ####....     36%         4    ###....
 Infusion                 Chrm           ####         0%          1    None
 Spectral Weapon          Hex/Chrm       #####...     1%          3    None
 Searing Ray              Conj           ##....       36%         2    None
 Summon Forest            Summ/Tloc      ######....   1%          5    #####..
 Summon Lightning Spire   Summ/Air       ######..     1%          4    ###....
 Summon Mana Viper        Hex/Summ       #####...     10%         5    #####..
 Hydra Form               Tmut           ##........   100%        6    ######.
 Infestation              Necr           ######....   69%         8    #######
 Poisonous Vapours        Pois/Air       ####..       5%          2    None
 Ignition                 Fire           ##........   100%        8    #######


Dungeon Overview and Level Annotations

Branches:
Dungeon (15/15)            Temple (0/1) D:7            Lair (6/6) D:9
 Shoals (4/4) Lair:4       Spider (4/4) Lair:2        Slime (5/5) Lair:6
    Orc (2/2) D:12            Elf (3/3) Orc:2        Vaults (5/5) D:14
  Crypt (3/3) Vaults:2       Tomb (0/3) Crypt:3      Depths (5/5) D:15
   Hell (1/1)                 Dis (7/7) Hell            Geh (7/7) Hell
    Coc (0/7) Hell            Tar (0/7) Hell            Zot (5/5) Depths:5

Altars:
Ashenzari
Cheibriados
Elyvilon
Gozag
Hepliaklqana
Kikubaaqudgha
Makhleb
Qazlal
Ru
Trog
Vehumet
Wu Jian
Xom
Yredelemnul
Zin
The Shining One
Beogh

Shops:
D:8 *   D:9 }   D:12 (   Orc:2 }=[?   Elf:3 ?   Shoals:3 *   Vaults:1 *
Depths:2 ([

Portals:
Hell: Depths:1 Depths:2 Depths:3 Depths:4 Depths:5
Abyss: Depths:4 Depths:5
Pandemonium: Depths:1 Depths:3
Ziggurat: Depths:2

Annotations:
D:5 1 runed door, ThisFiasco's ghost, novice DsBe
D:14 exclusion: Roxanne, Roxanne
D:15 1 runed door
Lair:2 exclusion: 2 oklob plants
Elf:1 1 runed door, emperorscorpion's ghost, journeyman GrFE
Elf:2 3 runed doors
Depths:2 1 runed door, Amnesiac's ghost, adept SpBe
Depths:3 exclusions: Tzitzimitl and 1 more exclusion
Depths:4 exclusion: upstairs


Innate Abilities, Weirdness & Mutations

Shadows flee at your approach. (+LOS)
You can swim through water.
You cover ground slowly.
You can hop long distances.
You are partially covered in iridescent scales. (AC +2)
You often lose your temper in combat.
Armour fits poorly on your strangely shaped body.
You are very frail. (-20% HP)
You expend magic power (3 MP) to strengthen your wands.
Your movements are slightly less encumbered by armour. (ER -2)


Message History

You kill the iron dragon!
The quicksilver dragon bites you but does no damage.
The quicksilver dragon barely misses you.
You carve the quicksilver dragon like a ham!!!
The quicksilver dragon is heavily wounded.
The war gargoyle hits you but does no damage.
You block the quicksilver dragon's attack.
The quicksilver dragon completely misses you.
Something frightening happens.
Sand pours from out of thin air.
You slash the quicksilver dragon!
The quicksilver dragon is heavily wounded.
The iron giant hits you with a giant spiked club!!!
* * * LOW HITPOINT WARNING * * *
The quicksilver dragon bites you but does no damage.
The quicksilver dragon misses you. You block the war gargoyle's attack.
You slash the quicksilver dragon!
The quicksilver dragon is severely wounded.
The quicksilver dragon breathes dispelling energy at you.
The bolt of dispelling energy misses you.
You barely miss the quicksilver dragon.
The quicksilver dragon is severely wounded.
You block the war gargoyle's attack.
A quicksilver dragon comes into view.
You block the iron giant's attack.
You block the quicksilver dragon's attack. x2
You hit the quicksilver dragon.
The quicksilver dragon is severely wounded.
The war gargoyle completely misses you.
You riposte.
You hit the war gargoyle but do no damage.
The war gargoyle is lightly damaged.
Casting: Borgnjor's Vile Clutch (safe; 1% risk of failure)
Confirm with . or Enter, or press ? or * to list all spells.
Your skin crawls.
The quicksilver dragon misses you.
The quicksilver dragon barely misses you.
The quicksilver dragon bites you but does no damage.
You block the quicksilver dragon's attack.
The iron giant casts a spell at you. The iron shot misses you.
The iron shot hits the war gargoyle.
You block the war gargoyle's attack.
The quicksilver dragon roars deafeningly!
You slice the war gargoyle!!
The war gargoyle is almost destroyed.
You hear a roar!
You block the quicksilver dragon's attack.
The quicksilver dragon claws you but does no damage.
The iron giant completely misses you.
You slice the war gargoyle!!
You destroy the war gargoyle!
You block the quicksilver dragon's attack.
The quicksilver dragon claws you but does no damage.
You closely miss the quicksilver dragon.
The quicksilver dragon is severely wounded.
The quicksilver dragon breathes dispelling energy at you.
The bolt of dispelling energy hits you!
Your magical effects are unravelling.
* * * LOW HITPOINT WARNING * * *
Your skin stops crawling.
You block the quicksilver dragon's attack.
The quicksilver dragon claws you but does no damage.
Casting: Regeneration (safe; 1% risk of failure)
Confirm with . or Enter, or press ? or * to list all spells.
Aiming: Borgnjor's Vile Clutch (safe; 1% risk of failure)
Press: ? - help, Dir - move target cursor, f - quicksilver dragon
Aim: a quicksilver dragon (severely wounded, catching its breath) Decaying hands burst forth from the earth!
Zombie hands grab the quicksilver dragon. x2
Zombie hands grab the iron giant.
The zombie hands constrict the quicksilver dragon! x2
The zombie hands constrict the iron giant, but do no damage.
The quicksilver dragon struggles to escape constriction.
The quicksilver dragon breathes dispelling energy at you.
The bolt of dispelling energy hits you!
* * * LOW HITPOINT WARNING * * *
The iron giant misses you.
The quicksilver dragon breathes dispelling energy at you.
The bolt of dispelling energy hits you!
* * * LOW HITPOINT WARNING * * *
The quicksilver dragon closely misses you.
You riposte.
You slice the quicksilver dragon!!
The quicksilver dragon is almost dead.
The quicksilver dragon misses you.
You slash the quicksilver dragon!
You kill the quicksilver dragon!
The zombie hands constrict the quicksilver dragon.
The zombie hands constrict the iron giant!
The quicksilver dragon escapes!
You block the iron giant's attack.
Casting: Borgnjor's Vile Clutch (safe; 1% risk of failure)
Confirm with . or Enter, or press ? or * to list all spells.
Your skin crawls.
The zombie hands constrict the iron giant!
The quicksilver dragon bites you but does no damage.
You block the quicksilver dragon's attack.
You slice the quicksilver dragon!!
The quicksilver dragon is heavily wounded.
The zombie hands constrict the iron giant!
The quicksilver dragon breathes dispelling energy at you.
The bolt of dispelling energy hits you!
Your magical effects are unravelling.
You die...

##########.....##.*,,,,,,
###########...####*******
####################'#####***####
..........................,,,....
..........................,,,....
...........)..............,,,....
..........................,,,....
................D)†.......,,,....
................@C†.......,,,....
##################''''####***####
## ##########....#### .#
#########......### ##
##########....#### ##
##########....#### .#
#########......### ##
##########....####
#######*##########''''####*######


You could see an iron giant and a quicksilver dragon.

Vanquished Creatures
  Asmodeus (Geh:7)
  the Royal Jelly (Slime:5)
  8 orbs of fire
  Mara (Shoals:3)
  Khufu (Crypt:1)
  Mennas (Vaults:4)
  4 ancient liches
  2 greater mummies (Crypt:2)
  Margery (Depths:5)
  Frederick (Crypt:3)
  7 curse toes
  Geryon (Hell)
  Saint Roka (Depths:2)
  Nikola (Depths:2)
  3 Killer Klowns
  Arachne (Spider:2)
  3 bone dragons
  15 golden dragons
  4 electric golems
  2 iron giants
  14 Brimstone Fiends
  4 Hell Sentinels
  An Ice Fiend (Dis:7)
  15 tentacled monstrosities
  Jorgrun (Depths:1)
  Rupert (D:12)
  25 Orb Guardians (Zot:5)
  Asterion (Depths:2)
  4 titans
  8 quicksilver dragons
  10 liches
  2 deep elf blademasters (Elf:3)
  A kraken (Shoals:4)
  15 acid blobs
  6 ancient champions
  An eldritch tentacle (Dis:7)
  6 death cobs
  7 shadow dragons
  4 sphinxes
  Gastronok (Lair:3)
  14 storm dragons
  2 revenants
  Donald (Spider:1)
  8 tengu reavers
  5 fire giants
  Ilsuiw (Shoals:4)
  11 draconian monks
  12 azure jellies
  9 ghost moths
  7 iron dragons
  4 deep elf sorcerers
  4 frost giants
  A frost giant (shapeshifter) (Depths:2)
  3 orc warlords
  2 draconian knights
  2 draconian shifters
  10 draconian stormcallers
  4 draconian scorchers
  4 imperial myrmidons (Desolation)
  4 deep elf elementalists (Elf:3)
  13 balrugs
  Aizul (Spider:2)
  3 ghouls (Crypt:2)
  4 emperor scorpions
  A cacodemon (Dis:2)
  16 vault wardens
  3 curse skulls
  14 ironheart preservers
  13 reapers
  5 draconian annihilators
  11 very ugly things
  6 vampire knights
  8 entropy weavers
  11 war gargoyles
  8 green draconians
  20 stone giants
  10 white draconians
  7 black draconians
  Azrael (Elf:1)
  9 spark wasps
  13 deep elf annihilators
  A halazid warlock (Desolation)
  11 yellow draconians
  6 deep elf demonologists
  9 red draconians
  11 purple draconians
  13 deep elf death magi
  4 blizzard demons
  4 crystal guardians
  10 ettins
  6 merfolk javelineers
  12 death oozes (Slime:5)
  4 eidola
  8 great orbs of eyes
  18 fire dragons
  10 merfolk impalers
  Josephine (D:12)
  An ice dragon (shapeshifter) (Vaults:5)
  7 ragged hierophants (Desolation)
  2 deep elf high priests
  15 yaktaur captains
  A kraken zombie (Hell)
  15 ice dragons
  11 jiangshi
  6 quicksilver dragon skeletons
  2 rakshasas
  31 vault guards
  7 servants of whispers (Desolation)
  A quicksilver dragon zombie (Crypt:2)
  Harold (D:12)
  7 peacekeepers
  4 hydras
  A catoblepas (Zot:2)
  Erica (D:8)
  3 merfolk avatars
  Fannar (Lair:3)
  2 spriggan air magi
  6 death knights
  A queen ant (Spider:1)
  58 two-headed ogres
  8 merfolk aquamancers
  19 dancing weapons
  19 ogre magi
  10 centaur warriors
  36 hell hogs
  12 deep troll shamans
  6 death yaks
  4 tengu warriors
  A spriggan berserker (Depths:5)
  6 orc high priests
  9 deep troll earth magi
  9 vampire magi
  A titan zombie (Geh:7)
  Urug (Lair:3)
  5 storm dragon zombies
  6 soul eaters
  12 sun demons
  A shock serpent (shapeshifter) (Elf:3)
  16 deep elf knights
  2 iron golems
  2 iron trolls (Depths:3)
  79 hell knights
  A shadow wraith (Crypt:2)
  3 titan skeletons
  63 skeletal warriors
  Nergalle (Orc:1)
  2 wretched stars (Abyss:2)
  9 sea snakes
  A fire crab (Shoals:2)
  A shadow demon (Depths:1)
  4 anaconda zombies
  13 wizards
  2 golden dragon zombies
  4 storm dragon skeletons
  23 deep trolls
  2 glowing orange brains
  11 flayed ghosts
  2 anaconda skeletons
  2 unseen horrors
  3 golden dragon skeletons
  12 phantasmal warriors
  12 deep elf archers
  An obsidian statue (Zot:5)
  2 lindwurms (shapeshifter)
  A lindwurm (Lair:6)
  An unseen horror (shapeshifter) (Vaults:2)
  A shadow dragon zombie (Geh:7)
  A harpy (shapeshifter) (Vaults:5)
  21 harpies
  16 orc knights
  19 ironbrand convokers
  47 ugly things
  19 orb spiders
  27 wolf spiders
  15 necromancers
  66 deep elf magi
  A mana viper (Abyss:2)
  3 shining eyes
  2 stone giant zombies
  13 cyclopes
  An iron dragon zombie (Geh:7)
  5 orc sorcerers
  7 fire giant zombies
  A salamander (shapeshifter) (Vaults:3)
  3 frost giant zombies
  27 moths of wrath
  2 shock serpent zombies
  9 large abominations
  A shadow dragon skeleton (Crypt:1)
  2 oklob plants (Shoals:4)
  8 manticores
  4 centaur zombies
  7 black mambas
  9 elephants
  2 guardian serpents (shapeshifter)
  4 frost giant skeletons
  8 merfolk sirens
  17 fire giant skeletons
  4 guardian serpents (Desolation)
  An iron dragon skeleton (Crypt:1)
  2 stone giant skeletons
  15 vault sentinels
  A black mamba (shapeshifter) (Depths:1)
  12 rust devils
  2 ice statues
  5 smoke demons
  2 eyes of devastation
  A dire elephant zombie (Crypt:3)
  7 spiny frogs
  A human skeleton (Vaults:4)
  15 molten gargoyles
  An orange demon (Depths:1)
  4 torpor snails
  2 dire elephant skeletons
  6 water nymphs
  5 gargoyles
  A shock serpent skeleton (Geh:7)
  50 yaktaurs
  14 hellions
  3 rime drakes
  2 efreet
  11 komodo dragons
  11 ice devils
  A hydra zombie (Hell)
  7 demonic crawlers
  7 freezing wraiths
  3 yaktaurs (shapeshifter)
  A green draconian skeleton (Geh:7)
  2 ancient zymes (Abyss:2)
  22 red devils
  6 tormentors
  44 merfolk
  4 tengu conjurers
  A minotaur skeleton (Crypt:3)
  A harpy zombie (D:15)
  A catoblepas skeleton (Geh:7)
  13 polar bears
  A meliai (shapeshifter) (D:15)
  34 jumping spiders
  2 sea snake skeletons (Crypt:2)
  9 trolls
  2 trolls (shapeshifter)
  2 wind drakes
  A tengu simulacrum (Vaults:4)
  A queen bee (shapeshifter) (Vaults:3)
  A death drake zombie (Crypt:2)
  A jumping spider (shapeshifter) (Depths:1)
  3 meliai (D:13)
  8 hornets
  18 blink frogs
  63 slime creatures
  A blink frog (shapeshifter) (Vaults:4)
  6 dream sheep (Shoals:3)
  63 saltlings
  A frost giant simulacrum (Vaults:3)
  A polar bear (shapeshifter) (Vaults:4)
  4 harpy skeletons
  7 hippogriffs
  A fire dragon zombie (Dis:2)
  2 satyr zombies
  A fire giant simulacrum (Vaults:4)
  A dream sheep (shapeshifter) (D:14)
  35 flying skulls
  3 alligator zombies
  9 ice dragon zombies
  4 snapping turtles
  Sigmund (D:4)
  3 ettin zombies
  7 hydra skeletons
  3 air elementals
  22 tarantellas
  7 shadows
  7 fire dragon skeletons
  82 redbacks
  3 ice dragon skeletons
  26 wraiths
  6 vampires
  A ynoxinul (Abyss:2)
  3 ettin skeletons
  3 alligator skeletons
  20 water elementals
  72 yaks
  7 wyverns
  3 basilisks
  3 fire bats (Shoals:2)
  A human (D:14)
  4 golden eyes (Slime:2)
  A steam dragon (Lair:6)
  29 fire elementals
  A black mamba skeleton (Crypt:2)
  A neqoxec (Depths:1)
  2 human simulacra
  8 hungry ghosts
  7 small abominations (Depths:1)
  A swamp worm (shapeshifter) (Depths:5)
  8 vampire mosquitoes (D:14)
  15 wargs
  The ghost of inc the Chiller, an amateur OpIE (D:3)
  8 soldier ants
  A spiny frog zombie (Geh:7)
  62 hell hounds
  A floating eye (Depths:5)
  8 water moccasins
  4 porcupines
  11 ice beasts
  A merfolk skeleton (Crypt:1)
  69 orc warriors
  A hornet zombie (D:15)
  3 elf zombies (Vaults:4)
  A snapping turtle zombie (Geh:7)
  3 spiny frog skeletons
  A human zombie (Vaults:4)
  A sky beast (D:8)
  3 black bears
  An alligator simulacrum (Hell)
  8 phantoms
  6 eyes of draining
  A manticore zombie (Crypt:3)
  8 necrophages
  58 ogres
  An ogre (shapeshifter) (Depths:1)
  2 snapping turtle skeletons
  17 wolves
  4 swamp dragon skeletons
  16 centaurs
  An elf skeleton (Vaults:4)
  4 manticore skeletons
  10 crocodiles
  A big kobold (D:13)
  An elf simulacrum (Vaults:4)
  15 bullfrogs
  A gnoll sergeant (Orc:2)
  A yaktaur skeleton (Crypt:2)
  2 wyvern zombies
  A wyvern skeleton (D:12)
  8 scorpions
  A yak skeleton (Crypt:1)
  16 wights
  11 killer bees
  5 howler monkeys
  11 crimson imps
  5 lava snakes (Lair:6)
  A bullfrog zombie (D:5)
  A quasit (D:15)
  6 hounds
  A jelly (shapeshifter) (Vaults:3)
  6 jellies
  39 orc priests
  3 bullfrog skeletons
  6 iron imps
  6 centaur skeletons
  Natasha (D:4)
  4 iguanas
  31 orc wizards
  31 worker ants
  A sky beast zombie (Crypt:1)
  A crocodile zombie (Crypt:2)
  3 hound skeletons
  3 mummies
  A worker ant zombie (D:8)
  A howler monkey zombie (D:11)
  8 gnolls
  A howler monkey skeleton (D:6)
  13 adders
  4 shadow imps
  4 oozes
  2 adder skeletons
  A lava snake skeleton (Crypt:2)
  6 worms
  3 dart slugs
  2 leopard geckos
  141 orcs
  10 bats
  5 giant cockroaches
  8 goblins
  3 hobgoblins (D:2)
  18 jackals
  2 quokkas
  A ball python (D:4)
  4 frilled lizards
  A gnoll skeleton (Crypt:2)
  A jackal skeleton (D:5)
  A jackal zombie (D:5)
  6 kobolds
  A kobold zombie (Geh:3)
  A leopard gecko zombie (D:5)
  An orc skeleton (Crypt:2)
  A quokka skeleton (D:4)
  8 rats
  A river rat skeleton (Crypt:1)
  2 crawling corpses (Elf:3)
  A plant (Shoals:4)
  5 tentacles
3331 creatures vanquished.

Vanquished Creatures (others)
  A golden dragon (Vaults:5)
  2 deep elf master archers (Elf:3)
  A fire giant (Vaults:5)
  A deep elf sorcerer (Elf:3)
  A spark wasp (Zot:2)
  A merfolk aquamancer (Shoals:3)
  A hell hog (Depths:3)
  A deep elf knight (Elf:3)
  A small abomination (Elf:3)
  A phantasmal warrior (Vaults:5)
  2 necromancers
  2 deep elf magi (Elf:1)
  A fire giant zombie (Geh:7)
  A moth of wrath (Zot:5)
  A yaktaur (Depths:5)
  2 flying skulls (Geh:7)
  A yak (IceCv)
  A water elemental (Elf:3)
  A hell hound (Geh:7)
  An orc priest (Orc:2)
  A kobold (Depths:5)
  A crawling corpse (Elf:3)
  13 fungi
  11 plants
  11 tentacles
  21 withered plants (Crypt:3)
82 creatures vanquished.

Grand Total: 3413 creatures vanquished

Notes
Turn   | Place    | Note
-------+----------+-------------------------------------------
     0 | D:1      | Mgcat the Barachi Fighter began the quest for the Orb.
     0 | D:1      | Reached XP level 1. HP: 18/18 MP: 1/1
   124 | D:1      | Reached skill level 3 in Long Blades
   132 | D:1      | Reached XP level 2. HP: 20/24 MP: 2/2
   754 | D:2      | Reached skill level 4 in Long Blades
   754 | D:2      | Reached skill level 4 in Armour
   754 | D:2      | Reached XP level 3. HP: 26/29 MP: 3/3
   931 | D:2      | Reached XP level 4. HP: 28/36 MP: 4/4
  1263 | D:2      | Reached skill level 5 in Armour
  1271 | D:2      | Reached XP level 5. HP: 23/41 MP: 5/5
  1430 | D:2      | Noticed a centaur
  1813 | D:2      | Reached skill level 5 in Long Blades
  1918 | D:3      | Found a stormy altar of Qazlal.
  1951 | D:3      | Found a snail-covered altar of Cheibriados.
  2007 | D:3      | Noticed a centaur
  2013 | D:3      | Killed a centaur
  2013 | D:3      | Reached skill level 6 in Long Blades
  2141 | D:3      | Found a bloodstained altar of Trog.
  2352 | D:3      | Reached XP level 6. HP: 47/47 MP: 6/6
  2366 | D:3      | Reached skill level 7 in Long Blades
  2375 | D:3      | Found a runed door.
  2410 | D:3      | Noticed inc's ghost (amateur OpIE)
  2576 | D:3      | Found a glowing golden altar of the Shining One.
  3170 | D:4      | Noticed Sigmund
  3253 | D:4      | Killed Sigmund
  3253 | D:4      | Reached skill level 8 in Long Blades
  3253 | D:4      | Reached XP level 7. HP: 32/52 MP: 7/7
  3342 | D:4      | Reached skill level 9 in Long Blades
  3408 | D:4      | Found a radiant altar of Vehumet.
  3532 | D:4      | Reached skill level 10 in Long Blades
  3555 | D:4      | Reached XP level 8. HP: 56/59 MP: 8/8
  4066 | D:4      | Noticed Natasha
  4079 | D:4      | Killed Natasha
  4250 | D:4      | Reached skill level 11 in Long Blades
  4287 | D:5      | Entered Level 5 of the Dungeon
  4392 | D:5      | Found an opulent altar of Gozag.
  4829 | D:5      | Found a runed door.
  4838 | D:5      | Noticed ThisFiasco's ghost (novice DsBe)
  4847 | D:5      | Reached skill level 12 in Long Blades
  4862 | D:5      | Found an ornate altar of the Wu Jian Council.
  4864 | D:5      | Found a basalt altar of Yredelemnul.
  4901 | D:5      | Found a hazy altar of Hepliaklqana.
  4901 | D:5      | Found a shattered altar of Ashenzari.
  4907 | D:5      | Found a faded altar of an unknown god.
  4909 | D:5      | Found a sacrificial altar of Ru.
  4911 | D:5      | Found a white marble altar of Elyvilon.
  4929 | D:5      | Became a worshipper of Ashenzari the Shackled
  5424 | D:3      | Killed inc's ghost
  5563 | D:6      | Reached XP level 9. HP: 64/64 MP: 9/9
  5899 | D:6      | Reached skill level 13 in Long Blades
  6335 | D:7      | Reached * piety under Ashenzari
  6387 | D:7      | Found a staircase to the Ecumenical Temple.
  6514 | D:7      | Identified 2 scrolls of acquirement
  6515 | D:7      | Found the cursed +2 Maxwell's thermic engine {flame, freeze, rF- rC-}
  6546 | D:7      | Reached skill level 14 in Long Blades
  6565 | D:7      | Identified the ring "Sioposs" {Dex+4 Stlth+}
  6824 | D:8      | Noticed Erica
  6832 | D:8      | Killed Erica
  6832 | D:8      | Reached skill level 7 in Fighting
  6866 | D:8      | Reached skill level 2 in Dodging
  6866 | D:8      | Reached XP level 10. HP: 69/79 MP: 10/10
  6897 | D:8      | Reached skill level 3 in Dodging
  6963 | D:8      | Reached skill level 4 in Dodging
  6964 | D:8      | Noticed a two-headed ogre
  6980 | D:8      | Killed a two-headed ogre
  6980 | D:8      | Reached skill level 6 in Dodging
  7220 | D:8      | Found Ikasm's General Store.
  7438 | D:8      | Found a burning altar of Makhleb.
  7767 | D:9      | Found a staircase to the Lair.
  7788 | D:9      | Reached skill level 4 in Shields
  7933 | D:9      | Reached ** piety under Ashenzari
  7977 | D:9      | Identified the +10 war axe "Istryepu" {chop, -Tele rPois SInv Stlth+}
  7986 | D:9      | Reached skill level 6 in Armour
  8134 | D:9      | Reached skill level 8 in Fighting
  8413 | D:9      | Found Juina's Gadget Boutique.
  8487 | D:10     | Entered Level 10 of the Dungeon
  8545 | D:10     | Reached skill level 7 in Dodging
  8888 | D:10     | Reached XP level 11. HP: 80/86 MP: 11/11
  8982 | D:10     | Found a portal to a secret trove of treasure.
  9255 | D:11     | Noticed a cyclops
  9275 | D:11     | Killed a cyclops
  9275 | D:11     | Reached skill level 5 in Shields
  9622 | D:11     | Identified the +0 ring mail of Reolo {+Fly MR+ Dex+5}
  9711 | D:11     | Reached *** piety under Ashenzari
 10000 | Lair:1   | Entered Level 1 of the Lair of Beasts
 10054 | Lair:1   | Reached skill level 7 in Armour
 10241 | Lair:1   | Reached skill level 9 in Fighting
 10496 | Lair:1   | Reached skill level 8 in Dodging
 10496 | Lair:1   | Reached skill level 6 in Shields
 10755 | Lair:2   | Noticed an oklob plant
 10755 | Lair:2   | Noticed an oklob plant
 10829 | Lair:2   | Found a hole to the Spider Nest.
 10922 | Lair:2   | Reached skill level 15 in Long Blades
 10928 | Lair:2   | Reached skill level 8 in Armour
 10961 | Lair:2   | Reached **** piety under Ashenzari
 11013 | Lair:2   | Reached XP level 12. HP: 97/97 MP: 12/12
 11381 | Lair:3   | Noticed a seven-headed hydra
 11386 | Lair:3   | Killed a seven-headed hydra
 11386 | Lair:3   | Reached skill level 7 in Shields
 11439 | Lair:3   | Noticed Fannar
 11450 | Lair:3   | Killed Fannar
 11450 | Lair:3   | Reached skill level 10 in Fighting
 11498 | Lair:3   | Reached skill level 9 in Dodging
 11506 | Lair:3   | Noticed Urug
 11539 | Lair:3   | Killed Urug
 11539 | Lair:3   | Reached skill level 9 in Armour
 11647 | Lair:3   | Noticed Gastronok
 11661 | Lair:3   | Killed Gastronok
 11803 | Lair:3   | Reached skill level 8 in Shields
 12125 | Lair:4   | Found a frozen archway.
 12192 | IceCv    | Entered an ice cave
 12393 | IceCv    | Reached ***** piety under Ashenzari
 12405 | IceCv    | Gained mutation: You can hop long distances. [Barachi growth]
 12405 | IceCv    | Reached XP level 13. HP: 105/105 MP: 13/13
 12434 | IceCv    | Reached skill level 11 in Fighting
 12447 | IceCv    | Reached skill level 10 in Dodging
 12451 | IceCv    | Reached skill level 10 in Armour
 12531 | IceCv    | Reached skill level 16 in Long Blades
 12661 | IceCv    | Noticed a white draconian
 12689 | IceCv    | Reached skill level 9 in Shields
 12693 | IceCv    | Killed a white draconian
 13148 | Lair:4   | Found a staircase to the Shoals.
 13192 | Lair:4   | Identified the +4 shortbow of Intimidation {venom, MR- Str+4 Dex+7 Stlth+}
 13881 | Lair:5   | Reached skill level 11 in Armour
 14152 | Lair:5   | Reached skill level 12 in Fighting
 14165 | Lair:5   | Reached skill level 11 in Dodging
 14199 | Lair:5   | Reached skill level 10 in Shields
 14199 | Lair:5   | Reached XP level 14. HP: 100/115 MP: 14/14
 14812 | Lair:6   | Entered Level 6 of the Lair of Beasts
 14998 | Lair:6   | Noticed Nessos
 15001 | Lair:6   | Noticed Nessos
 15001 | Lair:6   | Nessos changed into Nessos the redback
 15011 | Lair:6   | Killed Nessos the redback
 15178 | Lair:6   | Identified the cursed +0 ring mail of the Orb {rPois}
 15224 | Lair:6   | Reached skill level 12 in Armour
 15270 | Lair:6   | Found the cursed +15 Maxwell's patent armour {-Cast -Tele rElec MR+ rCorr}
 15534 | Lair:6   | Found a staircase to the Slime Pits.
 15627 | Lair:6   | Reached skill level 13 in Fighting
 15643 | Lair:6   | Found a large runed door.
 15644 | Lair:6   | Found a large runed door.
 15690 | Lair:6   | Reached skill level 11 in Shields
 15734 | Lair:6   | Reached skill level 12 in Dodging
 16348 | D:12     | Noticed Josephine
 16357 | D:12     | Killed Josephine
 16428 | D:12     | Found a staircase to the Orcish Mines.
 16569 | D:12     | Noticed Harold
 16597 | D:12     | Killed Harold
 16978 | D:12     | Noticed Rupert
 17010 | D:12     | Killed Rupert
 17010 | D:12     | Reached XP level 15. HP: 45/124 MP: 15/15
 17121 | D:12     | Found Verphod's Antique Weapon Emporium.
 17130 | D:12     | Reached ****** piety under Ashenzari
 17635 | Orc:1    | Entered Level 1 of the Orcish Mines
 17657 | Orc:1    | Found a roughly hewn altar of Beogh.
 17775 | Orc:2    | Entered Level 2 of the Orcish Mines
 17877 | Orc:2    | Reached skill level 13 in Armour
 17994 | Orc:1    | Noticed Nergalle
 18009 | Orc:1    | Killed Nergalle
 18461 | Orc:2    | Found Ciopeala's Antique Armour Shop.
 18478 | Orc:2    | Found Plog's Magic Scroll Boutique.
 18484 | Orc:2    | Bought a scroll of enchant armour for 105 gold pieces
 18484 | Orc:2    | Bought a scroll of enchant armour for 105 gold pieces
 18492 | Orc:2    | Found a roughly hewn altar of Beogh.
 18553 | Orc:2    | Reached skill level 14 in Fighting
 18553 | Orc:2    | Reached skill level 12 in Shields
 18854 | Orc:2    | Found the +8 demon blade "Leech" {vamp, rN+ AC-3 EV-3}
 19139 | Orc:2    | Found a staircase to the Elven Halls.
 19292 | Orc:2    | Noticed an orc warlord
 19310 | Orc:2    | Reached skill level 13 in Dodging
 19327 | Orc:2    | Killed an orc warlord
 19370 | Orc:2    | Found a roughly hewn altar of Beogh.
 19437 | Orc:2    | Found Kuometz's Gadget Boutique.
 19662 | Orc:2    | Found Zemeopou's Jewellery Shoppe.
 19700 | Orc:2    | Bought the macabre finger necklace {rN+} for 440 gold pieces
 19700 | Orc:2    | Found the macabre finger necklace {rN+}
 19706 | Orc:2    | Bought an uncursed ring of wizardry for 330 gold pieces
 19713 | Orc:2    | Learned a level 2 spell: Blink
 19719 | Orc:2    | Learned a level 5 spell: Borgnjor's Vile Clutch
 19791 | Orc:2    | Noticed an orc warlord
 19804 | Orc:2    | Killed an orc warlord
 20027 | D:13     | Reached skill level 1 in Translocations
 20278 | D:13     | Reached skill level 1 in Spellcasting
 20278 | D:13     | Reached skill level 1 in Earth Magic
 20319 | D:13     | Reached skill level 1 in Necromancy
 21244 | D:14     | Reached skill level 2 in Spellcasting
 21301 | D:14     | Noticed Roxanne
 21340 | D:14     | Reached skill level 14 in Armour
 21604 | D:14     | Reached XP level 16. HP: 134/134 MP: 19/19
 21631 | D:14     | Identified the +7 chain mail "Uqiky" {-Cast Int+7 SInv}
 22115 | D:14     | Reached skill level 3 in Spellcasting
 22143 | D:14     | Found a gate to the Vaults.
 22208 | D:15     | Entered Level 15 of the Dungeon
 22373 | D:15     | Reached skill level 15 in Fighting
 22413 | D:15     | Reached skill level 4 in Spellcasting
 22609 | D:15     | Reached skill level 14 in Dodging
 22774 | D:15     | Found a staircase to the Depths.
 23017 | D:15     | Found a runed door.
 23018 | D:15     | Noticed a sphinx
 23384 | Shoals:1 | Entered Level 1 of the Shoals
 23470 | Shoals:1 | Reached skill level 5 in Spellcasting
 23485 | Shoals:1 | Identified a cursed +1 pair of boots of running (You acquired it on level 1 of the Shoals)
 23536 | Shoals:1 | Reached skill level 2 in Translocations
 23536 | Shoals:1 | Reached skill level 2 in Earth Magic
 23545 | Shoals:1 | Reached skill level 2 in Necromancy
 24583 | Shoals:2 | Reached skill level 3 in Translocations
 24591 | Shoals:2 | Reached skill level 15 in Armour
 24675 | Shoals:2 | Reached skill level 3 in Earth Magic
 24866 | Shoals:3 | Noticed Mara
 24933 | Shoals:2 | Reached skill level 3 in Necromancy
 25153 | Shoals:3 | Reached XP level 17. HP: 95/142 MP: 25/25
 25534 | Shoals:3 | Noticed Mgcat's illusion
 25669 | Spider:1 | Entered Level 1 of the Spider Nest
 25834 | Spider:1 | Reached skill level 6 in Spellcasting
 25907 | Spider:1 | Reached skill level 4 in Translocations
 26031 | Spider:1 | Identified the +1 ring mail "Vogubiz" {rN++ Stlth-}
 26087 | Spider:1 | Reached skill level 4 in Earth Magic
 26128 | Spider:1 | Noticed Donald
 26144 | Spider:1 | Killed Donald
 26564 | Spider:1 | Identified the +6 quarterstaff of Sequestration {freeze, Str+2 Dex+4}
 26659 | Spider:2 | Noticed Aizul
 26677 | Spider:2 | Killed Aizul
 26677 | Spider:2 | Reached skill level 4 in Necromancy
 26698 | Spider:2 | Reached skill level 16 in Fighting
 26812 | Spider:2 | Reached skill level 5 in Translocations
 27004 | Spider:2 | Noticed Arachne
 27032 | Spider:2 | Killed Arachne
 27311 | Spider:2 | Reached skill level 5 in Earth Magic
 27369 | Spider:2 | Reached skill level 7 in Spellcasting
 27700 | Spider:3 | Reached skill level 15 in Dodging
 28062 | Spider:3 | Reached skill level 5 in Necromancy
 28110 | Spider:3 | Reached XP level 18. HP: 136/152 MP: 29/29
 28396 | Spider:4 | Entered Level 4 of the Spider Nest
 28431 | Spider:3 | HP: 34/152 [tarantella (5)]
 28436 | Spider:3 | HP: 28/152 [poisoned by a hornet]
 28441 | Spider:3 | HP: 25/152 [poisoned by a hornet]
 28446 | Spider:3 | HP: 24/152 [poisoned by a hornet]
 28453 | Spider:3 | HP: 23/152 [poisoned by a hornet]
 28460 | Spider:3 | HP: 23/152 [poisoned by a hornet]
 28468 | Spider:3 | HP: 24/152 [poisoned by a hornet]
 29412 | Spider:4 | Reached skill level 16 in Armour
 29552 | Spider:4 | Reached skill level 8 in Spellcasting
 30464 | Spider:4 | Got a gossamer rune of Zot
 31140 | Shoals:3 | Killed Mara
 31140 | Shoals:3 | Reached skill level 17 in Fighting
 31304 | Shoals:3 | Found Usos's General Store.
 31952 | Shoals:4 | Entered Level 4 of the Shoals
 31952 | Shoals:4 | Noticed Ilsuiw
 31990 | Shoals:4 | Reached skill level 9 in Spellcasting
 32048 | Shoals:4 | Killed Ilsuiw
 32048 | Shoals:4 | Reached XP level 19. HP: 85/161 MP: 32/32
 32072 | Shoals:4 | Reached skill level 17 in Long Blades
 32072 | Shoals:4 | Reached skill level 16 in Dodging
 32720 | Shoals:4 | Identified the +8 morningstar "Rebeepra" {venom, *Slow rC+ rN+ MP+9}
 32823 | Shoals:4 | Reached skill level 13 in Shields
 32982 | Shoals:4 | HP: 36/161 [kraken (25)]
 33278 | Shoals:4 | Got a barnacled rune of Zot
 33320 | Shoals:4 | Identified the Volume of Dislocated Good Luck
 33831 | Shoals:4 | Identified the +7 morningstar "Vuwajon" {vamp, *Rage rElec MP+9 Str+3}
 34572 | Vaults:1 | Entered Level 1 of the Vaults
 34602 | Vaults:1 | Reached skill level 17 in Armour
 35156 | Vaults:1 | HP: 18/162 [orc knight/enchanted dire flail (32)]
 35161 | Vaults:1 | Reached skill level 10 in Spellcasting
 35161 | Vaults:1 | HP: 38/162 [vault warden/enchanted bardiche (5)]
 35513 | Vaults:1 | Found Xefracw's General Store.
 35525 | Vaults:1 | Bought a scroll of enchant armour for 150 gold pieces
 35525 | Vaults:1 | Bought a potion of cancellation for 160 gold pieces
 36588 | Vaults:2 | Reached XP level 20. HP: 132/170 MP: 34/34
 36595 | Vaults:2 | Found a staircase to the Crypt.
 36682 | Vaults:2 | Reached skill level 18 in Fighting
 37171 | Vaults:2 | Reached skill level 14 in Shields
 37178 | Vaults:2 | Reached skill level 18 in Long Blades
 37563 | Vaults:3 | Reached skill level 17 in Dodging
 38068 | Vaults:3 | Reached skill level 18 in Armour
 38561 | Vaults:3 | Identified the +1 robe of Sin {rF++ rC+ Str-2} (You took it off an ironheart preserver on level 3 of the Vaults)
 38587 | Vaults:3 | Paralysed by a sphinx for 2 turns
 39250 | Vaults:3 | Reached XP level 21. HP: 176/178 MP: 35/35
 39759 | Vaults:4 | Found a ruined gateway.
 39790 | Desolati | Entered the Desolation of Salt
 40101 | Desolati | Reached skill level 19 in Fighting
 40117 | Desolati | Identified the +2 leather armour of Inquiry {Int+5}
 40140 | Desolati | Reached skill level 15 in Shields
 40188 | Desolati | Identified the Tome of the Scorching Voyage
 40196 | Desolati | Learned a level 5 spell: Aura of Abjuration
 40474 | Desolati | Reached skill level 1 in Summonings
 40927 | Desolati | Reached skill level 2 in Summonings
 40944 | Desolati | Identified the amulet of Cyoxir {Acrobat rC- rN+++ SInv Stlth+}
 40944 | Desolati | Identified the ring "Juefrykh" {rN+ Str+5 Int-2 SInv}
 40983 | Desolati | Identified the Grimoire of Burning Execration
 40986 | Desolati | Identified the Guide on the Creative Rocks
 41192 | Desolati | Identified the amulet of Amoga {Reflect rN+ SH+2}
 41192 | Desolati | Identified the +6 mace of Saltpetre {crush, rElec rF+ Dex+3}
 41195 | Desolati | Identified the +8 mace of Conversion {flame, Fragile rN+ MP+9 Str+4}
 41197 | Desolati | Identified the +2 mace of Debt {holy, rElec rF+}
 41205 | Desolati | Identified the Guide on Aerial Translocation
 41210 | Desolati | Learned a level 2 spell: Swiftness
 41267 | Desolati | Reached skill level 19 in Long Blades
 41272 | Desolati | Reached skill level 6 in Earth Magic
 41277 | Desolati | Reached skill level 6 in Necromancy
 41575 | Vaults:4 | Reached skill level 3 in Summonings
 41770 | Vaults:4 | Reached skill level 18 in Dodging
 41980 | Vaults:4 | Identified the +11 arbalest "Acvuz" {velocity, rN+ Str+2 Stlth-}
 41982 | Vaults:4 | Reached skill level 4 in Summonings
 42086 | Vaults:4 | Reached XP level 22. HP: 188/188 MP: 36/36
 42091 | Vaults:4 | Found a glowing silver altar of Zin.
 42376 | Vaults:4 | Identified the +5 quarterstaff of the Valley {crush, -Tele +Fly MP+9 Stlth+}
 42506 | Vaults:4 | Noticed Mennas
 42539 | Vaults:4 | Killed Mennas
 42539 | Vaults:4 | Reached skill level 19 in Armour
 42630 | Vaults:4 | Reached skill level 7 in Earth Magic
 42724 | Vaults:4 | Reached skill level 5 in Summonings
 43223 | Elf:1    | Entered Level 1 of the Elven Halls
 43223 | Elf:1    | Noticed Azrael
 43238 | Elf:1    | Killed Azrael
 43260 | Elf:1    | Reached skill level 7 in Necromancy
 43943 | Elf:1    | Found a runed door.
 43943 | Elf:1    | Found a shimmering altar of Xom.
 43943 | Elf:1    | Noticed emperorscorpion's ghost (journeyman GrFE)
 44634 | Elf:2    | Found a runed gate.
 44634 | Elf:2    | Found a runed gate.
 44635 | Elf:2    | Found a runed gate.
 45154 | Depths:1 | Entered Level 1 of the Depths
 45165 | Depths:1 | Reached skill level 6 in Summonings
 45553 | Depths:1 | Noticed Jorgrun
 45569 | Depths:1 | Killed Jorgrun
 45592 | Depths:1 | Reached skill level 8 in Earth Magic
 45594 | Depths:1 | Paralysed by an ogre mage for 6 turns
 45631 | Depths:1 | Found a one-way gate leading to the halls of Pandemonium.
 45666 | Depths:1 | Reached XP level 23. HP: 114/196 MP: 37/37
 45953 | Depths:1 | Reached skill level 16 in Shields
 45994 | Depths:1 | Identified the +1 morningstar of Gabu Loth {antimagic, rC++ MR++ Stlth-}
 46056 | Depths:1 | Found a gateway to Hell.
 46368 | Depths:2 | Noticed Asterion
 46378 | Depths:2 | Killed Asterion
 46444 | Depths:2 | Noticed Saint Roka
 46495 | Depths:2 | Reached skill level 7 in Summonings
 46513 | Depths:2 | Killed Saint Roka
 46710 | Depths:2 | Found a runed door.
 46719 | Depths:2 | Noticed Amnesiac's ghost (adept SpBe)
 46756 | Depths:2 | Found a gateway to a ziggurat.
 46838 | Depths:2 | Noticed Nikola
 46856 | Depths:2 | Killed Nikola
 46856 | Depths:2 | Reached skill level 8 in Necromancy
 47006 | Depths:2 | Reached skill level 20 in Fighting
 47203 | Depths:2 | Found Taxit's Weapon Emporium.
 47204 | Depths:2 | Found Jopeosk's Antique Armour Shoppe.
 47851 | Depths:2 | Identified the +1 scale mail "Tous" {rPois Int+3 Slay+2}
 47980 | Depths:3 | Reached skill level 8 in Summonings
 47986 | Depths:3 | Reached skill level 20 in Long Blades
 48140 | Depths:3 | Identified the ring of Neurosis {rElec Str+3 Int+5}
 48150 | Depths:3 | Reached skill level 9 in Earth Magic
 48829 | Depths:3 | HP: 37/197 [??? (18)]
 49741 | Depths:3 | Reached XP level 24. HP: 204/204 MP: 37/37
 49955 | Depths:4 | Reached skill level 9 in Necromancy
 50007 | Depths:4 | Reached skill level 9 in Summonings
 50034 | Depths:4 | Reached skill level 19 in Dodging
 50070 | Depths:4 | Reached skill level 20 in Armour
 50289 | Depths:4 | Found a one-way gate to the infinite horrors of the Abyss.
 51135 | Depths:5 | Entered Level 5 of the Depths
 51974 | Depths:5 | Reached skill level 10 in Earth Magic
 52005 | Depths:5 | Noticed Margery
 52028 | Depths:5 | Killed Margery
 52343 | Depths:4 | Reached skill level 17 in Shields
 52343 | Depths:4 | Reached skill level 10 in Summonings
 53110 | Depths:5 | Found a gate to the Realm of Zot.
 53382 | Depths:5 | Found a shimmering altar of Xom.
 53888 | Elf:3    | Entered Level 3 of the Elven Halls
 54124 | Elf:3    | Identified the Incunabulum of Calling
 54185 | Elf:3    | Learned a level 1 spell: Summon Butterflies
 54249 | Elf:3    | Found Bydwics's Magic Scroll Boutique.
 54251 | Elf:3    | Reached XP level 25. HP: 166/211 MP: 37/37
 54265 | Elf:3    | Bought a scroll of blinking for 135 gold pieces
 54265 | Elf:3    | Bought a scroll of enchant armour for 135 gold pieces
 54265 | Elf:3    | Bought a scroll of enchant armour for 135 gold pieces
 54265 | Elf:3    | Bought a scroll of remove curse for 54 gold pieces
 54552 | Elf:3    | Reached skill level 10 in Necromancy
 54590 | Elf:3    | HP: 43/213 [deep elf high priest/divine providence (16)]
 54969 | Elf:3    | Identified the amulet "Joger" {Harm *Drain rF++ rC+ Str-4} (You took it off a deep elf mage on level 3 of the Elven Halls)
 55300 | Elf:3    | Reached skill level 21 in Fighting
 55330 | Elf:3    | Identified the Disquisition on Poisonous Aid
 55336 | Elf:3    | Learned a level 3 spell: Regeneration
 55426 | Elf:3    | Identified the +2 leather armour of Nihilism {rF- rC+ Slay+3}
 55464 | Elf:3    | Identified the Disquisition on the Snowflakes
 55925 | Vaults:5 | Entered Level 5 of the Vaults
 55943 | Vaults:5 | Reached skill level 1 in Charms
 55948 | Vaults:5 | Identified the +3 ring mail of a labyrinth {rElec rN+}
 55962 | Vaults:5 | Reached skill level 2 in Charms
 56029 | Vaults:5 | Reached skill level 3 in Charms
 56135 | Vaults:5 | Reached skill level 21 in Long Blades
 56465 | Vaults:5 | Reached skill level 4 in Charms
 56581 | Vaults:5 | HP: 52/214 [ettin/dire flail (26)]
 56585 | Vaults:5 | HP: 18/214 [vault warden/ichor-stained battleaxe {chop} (9)]
 56818 | Vaults:5 | Upgraded the game from 0.22-a0-553-g9358b0b to 0.22-a0-558-gc224181
 56878 | Vaults:5 | Reached skill level 5 in Charms
 57204 | Vaults:5 | Learned a level 6 spell: Deflect Missiles
 57563 | Vaults:5 | Reached skill level 21 in Armour
 57701 | Vaults:5 | Got a silver rune of Zot
 57706 | Vaults:5 | Identified the Collected Works on the Vitriolic Escort
 57776 | Vaults:5 | Reached skill level 20 in Dodging
 57779 | Vaults:5 | Reached XP level 26. HP: 212/222 MP: 33/37
 57972 | Vaults:5 | Reached skill level 18 in Shields
 57990 | Vaults:5 | Found Noreock's Weapon Shop.
 58908 | Crypt:1  | Entered Level 1 of the Crypt
 59266 | Crypt:1  | Reached skill level 1 in Air Magic
 59285 | Crypt:1  | Reached skill level 6 in Charms
 59619 | Crypt:1  | Identified the amulet of Pockediawk {Gourm rN+ Str+4 Int+4}
 59639 | Crypt:1  | Reached skill level 11 in Summonings
 59648 | Crypt:1  | Reached skill level 2 in Air Magic
 59662 | Crypt:1  | Reached skill level 11 in Earth Magic
 59748 | Crypt:1  | Identified the +2 robe "Zanorcha" {rN+}
 59845 | Crypt:1  | Identified the ring "Xuzuiz" {+Fly MR+ Str+2}
 59952 | Crypt:2  | Noticed Khufu
 59952 | Crypt:2  | Noticed a greater mummy
 59952 | Crypt:2  | Noticed a greater mummy
 59962 | Crypt:1  | Killed Khufu
 59984 | Crypt:1  | Reached skill level 7 in Charms
 60091 | Crypt:2  | Reached skill level 3 in Air Magic
 60101 | Crypt:2  | Killed a greater mummy
 60207 | Crypt:2  | Killed a greater mummy
 60613 | Crypt:2  | Reached skill level 8 in Charms
 60649 | Crypt:2  | Reached skill level 12 in Summonings
 61010 | Crypt:3  | Entered Level 3 of the Crypt
 61052 | Crypt:3  | Reached skill level 4 in Air Magic
 61541 | Crypt:3  | Reached XP level 27. HP: 231/231 MP: 37/37
 61578 | Crypt:3  | Reached skill level 22 in Fighting
 62044 | Crypt:3  | Identified the ring of Reimbursement {rF++ rN+ Dex+2}
 62053 | Crypt:3  | Identified the ring "Utyst" {*Corrode rN+ Str+3}
 62053 | Crypt:3  | Identified the ring "Wumn" {rN+ MR+ Str+3}
 62096 | Crypt:3  | Reached skill level 9 in Charms
 62096 | Crypt:3  | Reached skill level 5 in Air Magic
 62120 | Crypt:3  | Noticed Frederick
 62142 | Crypt:3  | Killed Frederick
 62251 | Crypt:3  | Found a staircase to the Tomb.
 62308 | Crypt:3  | Noticed an ancient lich
 62334 | Crypt:3  | Found an ancient bone altar of Kikubaaqudgha.
 62371 | Crypt:3  | Reached skill level 22 in Long Blades
 62462 | Crypt:3  | Killed an ancient lich
 62462 | Crypt:3  | Reached skill level 13 in Summonings
 63043 | Orc:2    | Bought a scroll of remove curse for 42 gold pieces
 63043 | Orc:2    | Bought a scroll of fog for 28 gold pieces
 63043 | Orc:2    | Bought a scroll of holy word for 105 gold pieces
 63334 | Zot:1    | Entered Level 1 of the Realm of Zot
 63476 | Zot:1    | Noticed an orb of fire
 63520 | Zot:1    | Killed an orb of fire
 63653 | Zot:1    | Noticed an orb of fire
 63654 | Zot:1    | Gained mutation: Potions are less effective at restoring your health. [an orb of fire]
 63684 | Zot:1    | Gained mutation: You are dopey. (Int -2) [an orb of fire]
 63691 | Zot:1    | Killed an orb of fire
 63696 | Zot:1    | Reached skill level 10 in Charms
 63758 | Zot:1    | HP: 53/231 [??? (26)]
 63772 | Zot:1    | Reached skill level 12 in Earth Magic
 63773 | Zot:1    | HP: 51/231 [storm dragon/bolt of lightning (22)]
 63790 | Zot:1    | HP: 39/231 [??? (19)]
 63796 | Zot:1    | HP: 27/231 [yellow draconian stormcaller/divine providence (14)]
 63802 | Zot:1    | HP: 21/231 [bone dragon (17)]
 63807 | Zot:1    | HP: 1/231 [bone dragon (15)]
 63826 | Zot:1    | HP: 29/231 [black draconian/bolt of lightning (16)]
 64360 | Zot:1    | Reached skill level 14 in Summonings
 64471 | Zot:1    | Reached skill level 22 in Armour
 64488 | Zot:1    | Reached skill level 19 in Shields
 64636 | Zot:1    | Noticed an orb of fire
 65014 | Zot:1    | Gained mutation: Scrolls take you a little longer to read. [an orb of fire]
 65017 | Zot:1    | Gained mutation: You are clumsy. (Dex -2) [an orb of fire]
 65019 | Zot:1    | Killed an orb of fire
 65876 | Zot:2    | Reached skill level 23 in Fighting
 66123 | Zot:2    | Reached skill level 23 in Long Blades
 66423 | Zot:2    | Noticed an orb of fire
 66426 | Zot:2    | Found a stormy altar of Qazlal.
 66447 | Zot:2    | HP: 56/235 [black draconian monk (4)]
 67301 | Zot:2    | Reached skill level 23 in Armour
 67410 | Zot:2    | Gained mutation: You are frail. (-10% HP) [an orb of fire]
 67415 | Zot:2    | Gained mutation: You are very frail. (-20% HP) [an orb of fire]
 67431 | Zot:2    | Killed an orb of fire
 67433 | Zot:2    | Lost mutation: You are very frail. (-20% HP) [potion of mutation]
 67433 | Zot:2    | Lost mutation: You are frail. (-10% HP) [potion of mutation]
 67433 | Zot:2    | Gained mutation: You are weak. (Str -2) [potion of mutation]
 67433 | Zot:2    | Gained mutation: Your body sometimes deteriorates upon taking damage. [potion of mutation]
 67433 | Zot:2    | Gained mutation: You are partially covered in slimy green scales. (AC +2) [potion of mutation]
 67451 | Zot:2    | Noticed an ancient lich
 67467 | Zot:2    | Killed an ancient lich
 69047 | Zot:4    | Reached skill level 24 in Fighting
 69067 | Zot:4    | Reached skill level 24 in Long Blades
 69493 | Zot:4    | Reached skill level 24 in Armour
 69707 | Zot:5    | Entered Level 5 of the Realm of Zot
 70064 | Zot:5    | HP: 60/240 [electric golem/bolt of lightning (29)]
 70069 | Zot:5    | HP: 51/240 [death cob (2)]
 70705 | Zot:5    | Noticed an orb of fire
 70709 | Zot:5    | Gained mutation: You occasionally shout uncontrollably at your foes. [an orb of fire]
 70715 | Zot:5    | Gained mutation: Your spells are a little easier to cast, but a little less powerful. [an orb of fire]
 70727 | Zot:5    | Killed an orb of fire
 70963 | Zot:5    | Noticed an ancient lich
 71061 | Zot:5    | Noticed an orb of fire
 71092 | Zot:5    | Killed an orb of fire
 71092 | Zot:5    | Reached skill level 25 in Fighting
 71092 | Zot:5    | Reached skill level 25 in Long Blades
 71101 | Zot:5    | Killed an ancient lich
 71300 | Zot:5    | Noticed an orb of fire
 71324 | Zot:5    | Killed an orb of fire
 71324 | Zot:5    | Reached skill level 25 in Armour
 71533 | Zot:5    | Noticed an orb of fire
 71552 | Zot:5    | Killed an orb of fire
 71805 | Zot:5    | Noticed an ancient lich
 71821 | Zot:5    | Killed an ancient lich
 72610 | Hell     | Entered the Vestibule of Hell
 72610 | Hell     | Noticed Geryon
 72632 | Hell     | Killed Geryon
 72633 | Hell     | Reached skill level 11 in Charms
 72981 | D:10     | You paid a toll of the horn of Geryon to enter a treasure trove
 72982 | Trove    | Entered a treasure trove
 72985 | Trove    | Identified the cursed amulet "Fetydow" {Reflect Fragile MR- Str+4 Int+8 SH+6}
 72985 | Trove    | Identified the amulet "Gaagaka" {RegenMP *Corrode rElec Slay-2 Stlth+}
 72985 | Trove    | Identified the cursed ring "Worphis" {rF+ rC+ Int+2 Slay+3}
 72985 | Trove    | Identified the ring of Qaanwes {Fire *Corrode rElec Str+3 Dex+4}
 72985 | Trove    | Identified the ring of Anulean {rF+ SInv}
 72986 | Trove    | Identified the cursed amulet of Seimoe {Reflect rF+ Int+2 Dex+2 SH+4}
 72986 | Trove    | Identified the ring "Yding" {rF+ Stlth+}
 72986 | Trove    | Identified the ring of the Secret Lovers {-Tele +Inv rF- rN+++ Stlth+}
 72986 | Trove    | Identified the amulet of the First Orbs {Faith MR+ Stlth+}
 72986 | Trove    | Identified the cursed ring "Jaelef" {rCorr Int+3 SInv}
 73234 | Slime:1  | Entered Level 1 of the Pits of Slime
 73256 | Slime:1  | Reached skill level 26 in Fighting
 73256 | Slime:1  | Reached skill level 15 in Summonings
 74003 | Slime:4  | Lost mutation: Your body sometimes deteriorates upon taking damage. [potion of mutation]
 74003 | Slime:4  | Lost mutation: You are clumsy. (Dex -2) [potion of mutation]
 74003 | Slime:4  | Lost mutation: You are dopey. (Int -2) [potion of mutation]
 74003 | Slime:4  | Lost mutation: Your spells are a little easier to cast, but a little less powerful. [potion of mutation]
 74003 | Slime:4  | Gained mutation: You have a pair of small horns on your head. [potion of mutation]
 74003 | Slime:4  | Gained mutation: You expend magic power (3 MP) to strengthen your wands. [potion of mutation]
 74003 | Slime:4  | Gained mutation: You have a pair of horns on your head. [potion of mutation]
 74004 | Slime:4  | Lost mutation: You occasionally shout uncontrollably at your foes. [potion of mutation]
 74004 | Slime:4  | Lost mutation: You are weak. (Str -2) [potion of mutation]
 74004 | Slime:4  | Lost mutation: You expend magic power (3 MP) to strengthen your wands. [potion of mutation]
 74004 | Slime:4  | Lost mutation: Scrolls take you a little longer to read. [potion of mutation]
 74004 | Slime:4  | Gained mutation: You are robust. (+10% HP) [potion of mutation]
 74004 | Slime:4  | Gained mutation: Your movements are slightly less encumbered by armour. (ER -2) [potion of mutation]
 74006 | Slime:5  | Entered Level 5 of the Pits of Slime
 74055 | Slime:5  | Reached skill level 12 in Charms
 74255 | Slime:5  | Gained mutation: Scrolls take you a little longer to read. [a shining eye]
 74336 | Slime:5  | HP: 67/269 [acid (2)]
 74353 | Slime:5  | Noticed the Royal Jelly
 74759 | Slime:5  | Reached skill level 16 in Summonings
 74759 | Slime:5  | Reached skill level 13 in Earth Magic
 74774 | Slime:5  | Killed the Royal Jelly
 74774 | Slime:5  | Reached skill level 11 in Necromancy
 74824 | Slime:5  | Reached skill level 13 in Charms
 74940 | Slime:5  | Identified the ring of Fun {rElec rPois rF- MR+ Dex-4}
 74942 | Slime:5  | Identified the ring of Litot {rF+ MP+9 Str+4 Int-3}
 74946 | Slime:5  | Got the triple sword "Cogobomosk" {drain, rPois rC+ Int+4}
 74984 | Slime:5  | Identified the Catalogue of Cankerous Shape Shifting
 75013 | Slime:5  | Identified the Volume of the Boosting Volcanoes
 75042 | Slime:5  | Identified the Guide on Blistering Transformation
 75045 | Slime:5  | Got a slimy rune of Zot
 75170 | Slime:5  | Identified the +9 triple sword "Cogobomosk" {drain, rPois rC+ Int+4} (You found it on level 5 of the Pits of Slime)
 75630 | Hell     | Cast into level 2 of the Abyss (hell knight)
 75792 | Hell     | Escaped the Abyss
 76028 | Hell     | Found a gateway to the Iron City of Dis.
 76066 | Hell     | Found a gateway to the freezing wastes of Cocytus.
 76253 | Hell     | Found a gateway to the decaying netherworld of Tartarus.
 76301 | Hell     | Found a gateway to the ashen valley of Gehenna.
 76329 | Geh:1    | Entered Level 1 of Gehenna
 76458 | Geh:2    | Reached skill level 14 in Charms
 76580 | Geh:3    | Reached skill level 14 in Earth Magic
 76585 | Geh:3    | Reached skill level 12 in Necromancy
 77014 | Geh:7    | Entered Level 7 of Gehenna
 77425 | Geh:7    | Reached skill level 27 in Fighting
 77668 | Geh:7    | Reached skill level 15 in Charms
 77820 | Geh:7    | Reached skill level 13 in Necromancy
 77820 | Geh:7    | Reached skill level 15 in Earth Magic
 77941 | Geh:7    | Identified the Incunabulum of Self-Improvement
 77978 | Geh:7    | HP: 66/273 [Brimstone Fiend/damnation (29)]
 77982 | Geh:7    | Noticed Asmodeus
 77985 | Geh:7    | HP: 52/273 [balrug/bolt of fire (1)]
 77991 | Geh:7    | HP: 30/273 [balrug/fireball (3)]
 77997 | Geh:7    | HP: 13/273 [balrug/divine providence[Asmodeus] (14)]
 78030 | Geh:7    | HP: 54/273 [??? (27)]
 78033 | Geh:7    | HP: 23/273 [balrug/divine providence[Asmodeus] (9)]
 78037 | Geh:7    | HP: 11/273 [??? (4)]
 78089 | Geh:7    | HP: 66/273 [something (2)]
 78584 | Geh:7    | Lost mutation: Potions are less effective at restoring your health. [potion of mutation]
 78584 | Geh:7    | Lost mutation: You have a pair of horns on your head. [potion of mutation]
 78584 | Geh:7    | Lost mutation: Scrolls take you a little longer to read. [potion of mutation]
 78584 | Geh:7    | Lost mutation: You are robust. (+10% HP) [potion of mutation]
 78584 | Geh:7    | Gained mutation: Scrolls take you a little longer to read. [potion of mutation]
 78584 | Geh:7    | Gained mutation: Your flesh is cold resistant. (rC+) [potion of mutation]
 78585 | Geh:7    | Lost mutation: Your flesh is cold resistant. (rC+) [potion of mutation]
 78585 | Geh:7    | Lost mutation: Scrolls take you a little longer to read. [potion of mutation]
 78585 | Geh:7    | Lost mutation: You have a pair of small horns on your head. [potion of mutation]
 78585 | Geh:7    | Gained mutation: Scrolls take you a little longer to read. [potion of mutation]
 78585 | Geh:7    | Gained mutation: You have large cloven feet. [potion of mutation]
 78585 | Geh:7    | Gained mutation: You have sharp fingernails. [potion of mutation]
 78586 | Geh:7    | Lost mutation: You have sharp fingernails. [potion of mutation]
 78586 | Geh:7    | Lost mutation: You have large cloven feet. [potion of mutation]
 78586 | Geh:7    | Lost mutation: You are partially covered in slimy green scales. (AC +2) [potion of mutation]
 78586 | Geh:7    | Gained mutation: Your magical capacity is low. (-10% MP) [potion of mutation]
 78586 | Geh:7    | Lost mutation: Your magical capacity is low. (-10% MP) [potion of mutation]
 78586 | Geh:7    | Gained mutation: You tend to lose your temper in combat. [potion of mutation]
 78586 | Geh:7    | Gained mutation: You expend magic power (3 MP) to strengthen your wands. [potion of mutation]
 78587 | Geh:7    | Lost mutation: Scrolls take you a little longer to read. [potion of mutation]
 78587 | Geh:7    | Gained mutation: You are frail. (-10% HP) [potion of mutation]
 78587 | Geh:7    | Gained mutation: You are very frail. (-20% HP) [potion of mutation]
 78587 | Geh:7    | Gained mutation: Armour fits poorly on your strangely shaped body. [potion of mutation]
 78587 | Geh:7    | Gained mutation: You are partially covered in iridescent scales. (AC +2) [potion of mutation]
 78613 | Geh:7    | HP: 49/199 [flayed ghost/flay_damage[the effects of Hell] (23)]
 78621 | Geh:7    | Killed Asmodeus
 78621 | Geh:7    | Reached skill level 16 in Charms
 78630 | Geh:7    | Got an obsidian rune of Zot
 78805 | Geh:7    | Gained mutation: You often lose your temper in combat. [mutagenic glow]
 79102 | Dis:1    | Entered Level 1 of the Iron City of Dis
 79113 | Dis:1    | Reached skill level 14 in Necromancy
 79127 | Dis:1    | Reached skill level 16 in Earth Magic
 79590 | Dis:5    | Reached skill level 17 in Summonings
 79921 | Dis:7    | Entered Level 7 of the Iron City of Dis
 80331 | Dis:7    | HP: 48/199 [iron giant/giant spiked club (41)]
 80338 | Dis:7    | HP: 37/199 [quicksilver dragon/bolt of dispelling energy (16)]
 80343 | Dis:7    | Killed from afar by a quicksilver dragon

Vault maps used:
D:1:      dpeg_arrival_connections, minmay_statues_item, minmay_hedge_maze,
          serial_bayou_pond_c
D:3:      lemuel_doored_altar, grunt_qazlal_sundering, kennysheep_slug_shrine,
          gammafunk_ghost_grave, tso_altar
D:4:      vehumet_crystals, minmay_misc_feat_diagonals, cheibrodos_gnoll_hut,
          uniq_sigmund, uniq_natasha
D:5:      chequers_temple_overflow_statue_of_worship,
          chequers_temple_overflow_minitemple, first_ration,
          ebering_ghost_sewer_d, grunt_gozag_breadcrumbs
D:6:      minmay_joined_circles
D:7:      minmay_temple_entry_junction
D:8:      kennysheep_mini, serial_shops, shop, uniq_erica
D:9:      erik_lair_orcish_takeover, serial_shops, shop
D:10:     nicolae_trove_entry_diagonal
D:12:     david_orc_1_choice, serial_shops, kennysheep_mini_moat,
          grunt_tengu_nest, uniq_josephine, uniq_rupert, uniq_harold
D:14:     grunt_vaults_entry_fortified, minivault_19, uniq_roxanne
D:15:     grunt_enter_depths_snipers, minmay_misc_feat_tower,
          grunt_ministairs_13, kennysheep_treasure_room
Lair:1:   infiniplex_staircase_pool_2, serial_bayou_shore_b, grunt_megastairs_3
Lair:2:   spider_nest_entry_web_field, grunt_megastairs_4,
          infiniplex_staircase_pool, lemuel_fruit_tree,
          minmay_lair_oklob_chamber
Lair:3:   minivault_25, lemuel_fruit_fields, serial_bayou_shore_b,
          uniq_gastronok, uniq_urug, uniq_fannar
Lair:4:   minmay_shoals_entry_lonely_mermaid, portal_ice_cave_entry_ice_beasts,
          serial_bayou_shore_b
Lair:6:   cheibrodos_lair_end_hotspot, dpeg_slime_entry_corner, st_stairs_10,
          uniq_nessos
Shoals:1: nicolae_shoals_wave_tunnel
Shoals:2: hangedman_shoal_volcano
Shoals:3: serial_shops, nicolae_shop_waterfront, uniq_mara
Shoals:4: shoals_end_hangedman, shoal_ilsuiw, nicolae_shoals_this_corrosion
Spider:1: spider_trap, minmay_another_anthill, uniq_donald
Spider:2: nicolae_orb_stairs, uniq_aizul, uniq_arachne
Spider:4: johnstein_spider_rune_arachne_lair
Slime:1:  cheibrodos_slime_lost_civilization_7
Slime:3:  nicolae_slime_jelly_donut, nicolae_slime_barrier
Orc:1:    basic_altar, uniq_nergalle
Orc:2:    pubby_orc_utopia
Elf:1:    minmay_elf_arrival_plus, ebering_ghost_xom, hangedman_elf_represent,
          uniq_azrael
Elf:3:    elf_hall, serial_shops, nicolae_shop_behind_doors,
          minmay_elf_demonology
Vaults:1: v_misc_5, v_alt_pattern_2, vaults_mumra_chevron, v_misc_19,
          vaults_room_grunt_arrival_ludios, serial_shops, shop
Vaults:2: v_misc_14, v_alt_pattern_5, vaults_room_door_ring,
          special_room_vaults, hangedman_vaults_capsules,
          nicolae_vaults_network_barrier, ontoclasm_vaults_pinch,
          minmay_crypt_entry_simple_box, vaults_dpeg_cross, v_misc_23
Vaults:3: vaults_mumra_hex, vaults_mumra_bighexcomb,
          nicolae_vaults_twisting_passages, v_rooms_5, v_misc_11,
          hangedman_vaults_trim, vaults_room_grid, vaults_room_door_ring,
          vaults_dpeg_ring, nicolae_vaults_mini_display_case
Vaults:4: v_rooms_6, st_smaller_cells, v_pattern_4, v_misc_16,
          nicolae_vaults_yaktaur_gun_rack, vaults_room_fancy_cross, v_misc_2,
          ontoclasm_vaults_ligature, v_misc_17, v_misc_13,
          hangedman_vaults_stretched_pinwheel, nicolae_vaults_angled_halls,
          vaults_room_fours, basic_altar, portal_desolation_entry_salt,
          uniq_mennas
Crypt:1:  minmay_skeleton_keep
Crypt:2:  uniq_khufu
Crypt:3:  quadcrypt_mu, uniq_frederick
Depths:1: rand_demon_pan_entry_5, grunt_hell_entry_dis_grunt,
          minmay_item_behind_shaft, small_chamber_with_monster,
          nicolae_two_hexagons, laboratory, firewood_loft, uniq_jorgrun
Depths:2: kennysheep_windowed_halls, enter_ziggurat_f,
          ebering_ghost_inner_flame, hell_entry, minmay_staircase_statues,
          minmay_shoptagon, uniq_saint_roka, uniq_nikola, uniq_asterion
Depths:3: cheibrodos_tormentor_scu, serial_bayou_pond_e, grunt_hell_horde,
          pan_entry, serial_sigils_hangedman_leer
Depths:4: cheibrodos_quadrivalence, abyss_entry, minmay_holes, hell_entry,
          uniq_margery
Depths:5: evilmike_zot_entry_argh, hangedman_abyss_entry_splay,
          minmay_misc_feat_alley, hangedman_tar_grid_catacomb, tgw_xom
Dis:3:    door_vault
Dis:6:    lemuel_elevator
Dis:7:    iron_city_of_dis
Geh:5:    nicolae_geh_single_fiery_grave
Geh:7:    geh_grunt
Zot:1:    grunt_zot_stairs_mandelzot, grunt_megastairs_2
Zot:2:    regret_index_qazlal_generations
Zot:3:    grunt_megastairs_1
Zot:5:    grunt_ministairs_11, hangedman_zot_decor_checkerboard,
          hangedman_zot_decor_tridents
Trove:    trove_jewel_2
IceCv:    ice_cave_caverns_02

Skill      XL: |  1  2  3  4  5  6  7  8  9 10 11 12 13 14 15 16 17 18 19 20 21 22 23 24 25 26 27 |
---------------+----------------------------------------------------------------------------------+-----
Long Blades    | 3 4 6 8 10 12 14 15 16 17 18 19 20 21 25 | 25.3
Armour         | 4 5 6 8 9 11 12 14 15 16 17 18 19 20 21 25 | 25.6
Fighting       | 7 8 9 10 12 13 14 15 16 17 18 19 20 21 27 | 27.0
Dodging        | 2 7 8 9 11 12 13 14 15 16 17 18 19 20 | 20.9
Shields        | 4 6 8 10 11 12 13 14 15 16 17 18 19 | 19.5
Translocations | 1 3 5 |  5.5
Spellcasting   | 2 5 7 9 10 | 10.0
Earth Magic    | 1 3 5 6 8 9 10 11 16 | 16.1
Necromancy     | 1 3 5 6 7 8 9 10 14 | 14.8
Summonings     | 4 6 8 10 12 17 | 17.8
Charms         | 5 8 16 | 16.1
Air Magic      | 4 5 |  5.6

Action                   |  1- 3 |  4- 6 |  7- 9 | 10-12 | 13-15 | 16-18 | 19-21 | 22-24 | 25-27 || total
-------------------------+-------+-------+-------+-------+-------+-------+-------+-------+-------++-------
Melee: Long sword        |   114 |   220 |   451 |       |       |       |       |       |       ||   785
       Demon blade       |       |       |    18 |   512 |  1473 |  1565 |  2084 |  1166 |       ||  6818
       Eudemon blade     |       |       |       |       |       |       |       |  1044 |  4953 ||  5997
       Headbutt          |       |       |       |       |       |       |       |       |   392 ||   392
 Cast: Borgnjor's Vile C |       |       |       |       |       |     3 |       |       |    88 ||    91
       Regeneration      |       |       |       |       |       |       |       |       |    46 ||    46
       Aura of Abjuratio |       |       |       |       |       |       |       |       |    28 ||    28
       Summon Butterflie |       |       |       |       |       |       |       |       |    21 ||    21
Invok: Curse Item        |       |       |     4 |     1 |     4 |       |     2 |     3 |     6 ||    20
       Scrying           |       |       |       |       |       |       |       |       |     6 ||     6
 Abil: Hop               |       |       |     1 |       |       |     1 |       |       |     1 ||     3
Evoke: Wand              |       |       |     3 |     7 |    19 |    24 |       |     1 |     4 ||    58
       Lamp of fire      |       |       |       |       |       |       |       |       |     1 ||     1
       Box of beasts     |       |       |       |       |       |       |       |       |     1 ||     1
       Phantom mirror    |       |       |       |       |       |       |       |       |     1 ||     1
  Use: Potion            |     1 |     2 |     1 |     1 |     3 |     7 |     5 |    11 |    47 ||    78
       Scroll            |       |     6 |     5 |    15 |     8 |    13 |     6 |    20 |    26 ||    99
 Stab: Invisible         |       |       |       |       |     5 |       |       |       |     5 ||    10
       Held in net/web   |       |       |       |       |       |     4 |       |       |       ||     4
       Distracted        |       |       |       |       |       |       |     1 |     1 |     2 ||     4
       Confused          |       |       |       |       |       |       |       |     1 |       ||     1
  Eat: Chunk             |     1 |     7 |    15 |    21 |    35 |    10 |    20 |    33 |    23 ||   165
       Ration            |       |       |       |       |       |     8 |     4 |     3 |    30 ||    45
Armor: Scale mail        |    20 |       |       |       |       |       |       |       |       ||    20
       Gold dragon scale |   106 |   174 |   325 |   290 |   468 |   744 |   533 |   718 |  1587 ||  4945
       Chain mail        |    21 |       |       |       |       |       |       |       |       ||    21
Dodge: Dodged            |    31 |    21 |    65 |   147 |   358 |   592 |   583 |   742 |  1587 ||  4126
       Deflected         |       |       |       |       |       |       |    21 |    21 |       ||    42
Block: Shield            |    27 |       |       |       |   668 |  1161 |  1146 |  1436 |  3376 ||  7814
       Reflection        |       |       |       |       |       |       |       |    46 |    51 ||    97
       Rpst.: Long sword |     9 |     8 |    16 |       |       |       |       |       |       ||    33
       Demon blade       |       |       |     2 |    42 |    97 |   125 |   126 |    62 |       ||   454
       Eudemon blade     |       |       |       |       |       |       |       |    56 |   258 ||   314

Table legend:
 A = Spawn XP
 B = Non-spawn XP
 C = Spawn XP percentage of total XP
 D = Spawn monster count
 E = Non-spawn monster count
 F = Spawn count percentage of total count
 G = Total turns spent on level
                    A         B        C        D         E        F      G
               +---------+---------+-------+---------+---------+-------+---------
         Total |    6440 | 2272063 |   0.3 |      10 |    3308 |   0.3 | 80343
               +---------+---------+-------+---------+---------+-------+---------
           D:1 |       0 |      30 |   0.0 |       0 |      17 |   0.0 |   747
           D:2 |       0 |     248 |   0.0 |       0 |      31 |   0.0 |  1563
           D:3 |       0 |     399 |   0.0 |       0 |      17 |   0.0 |   917
           D:4 |       0 |    1041 |   0.0 |       0 |      37 |   0.0 |  1211
           D:5 |       0 |     577 |   0.0 |       0 |      34 |   0.0 |  1078
           D:6 |       0 |     784 |   0.0 |       0 |      28 |   0.0 |   725
           D:7 |       0 |     469 |   0.0 |       0 |      10 |   0.0 |   604
           D:8 |       0 |    3521 |   0.0 |       0 |      36 |   0.0 |   925
           D:9 |       0 |    1569 |   0.0 |       0 |      19 |   0.0 |   817
          D:10 |       0 |     751 |   0.0 |       0 |      12 |   0.0 |  1007
          D:11 |       0 |    1982 |   0.0 |       0 |      16 |   0.0 |   777
          D:12 |       0 |   13020 |   0.0 |       0 |      56 |   0.0 |  1832
          D:13 |       0 |    4960 |   0.0 |       0 |      34 |   0.0 |  1000
          D:14 |       0 |   17608 |   0.0 |       0 |      44 |   0.0 |  1855
          D:15 |       0 |   19782 |   0.0 |       0 |      42 |   0.0 |  1042
        Lair:1 |       0 |    3362 |   0.0 |       0 |      12 |   0.0 |   818
        Lair:2 |       0 |    4761 |   0.0 |       0 |      17 |   0.0 |  1275
        Lair:3 |       0 |    8181 |   0.0 |       0 |      16 |   0.0 |   880
        Lair:4 |       0 |    9143 |   0.0 |       0 |      41 |   0.0 |  1334
        Lair:5 |       0 |    8547 |   0.0 |       0 |      21 |   0.0 |  1034
        Lair:6 |       0 |   19789 |   0.0 |       0 |      78 |   0.0 |  1544
      Shoals:1 |       0 |   10165 |   0.0 |       0 |      22 |   0.0 |   758
      Shoals:2 |       0 |   12738 |   0.0 |       0 |      29 |   0.0 |  1456
      Shoals:3 |       0 |   22624 |   0.0 |       0 |      33 |   0.0 |  1267
      Shoals:4 |       0 |   42105 |   0.0 |       0 |      68 |   0.0 |  1787
      Spider:1 |       0 |   21885 |   0.0 |       0 |      82 |   0.0 |   997
      Spider:2 |       0 |   25307 |   0.0 |       0 |      58 |   0.0 |   898
      Spider:3 |       0 |   16716 |   0.0 |       0 |      42 |   0.0 |  1280
      Spider:4 |       0 |   35709 |   0.0 |       0 |      64 |   0.0 |  1950
       Slime:1 |       0 |    7398 |   0.0 |       0 |       5 |   0.0 |    41
       Slime:2 |       0 |   12987 |   0.0 |       0 |      22 |   0.0 |   126
       Slime:3 |       0 |    3222 |   0.0 |       0 |       2 |   0.0 |    39
       Slime:4 |       0 |    7381 |   0.0 |       0 |      18 |   0.0 |   778
       Slime:5 |       0 |   53868 |   0.0 |       0 |      54 |   0.0 |   739
         Orc:1 |       0 |    3070 |   0.0 |       0 |      27 |   0.0 |   550
         Orc:2 |       0 |   22169 |   0.0 |       0 |     150 |   0.0 |  2166
         Elf:1 |       0 |   21106 |   0.0 |       0 |      40 |   0.0 |  1231
         Elf:2 |       0 |   19988 |   0.0 |       0 |      29 |   0.0 |   618
         Elf:3 |       0 |   68810 |   0.0 |       0 |      71 |   0.0 |  1640
      Vaults:1 |       0 |   36205 |   0.0 |       0 |      61 |   0.0 |  1824
      Vaults:2 |       0 |   51260 |   0.0 |       0 |     101 |   0.0 |  1362
      Vaults:3 |       0 |   69658 |   0.0 |       0 |      97 |   0.0 |  2209
      Vaults:4 |       0 |   79434 |   0.0 |       0 |     104 |   0.0 |  1717
      Vaults:5 |       0 |  120241 |   0.0 |       0 |     116 |   0.0 |  2844
       Crypt:1 |       0 |   52314 |   0.0 |       0 |      89 |   0.0 |  1147
       Crypt:2 |       0 |   47033 |   0.0 |       0 |      50 |   0.0 |  1027
       Crypt:3 |       0 |   68982 |   0.0 |       0 |      82 |   0.0 |  1653
      Depths:1 |       0 |   40842 |   0.0 |       0 |      59 |   0.0 |  1335
      Depths:2 |       0 |   65999 |   0.0 |       0 |      71 |   0.0 |  2231
      Depths:3 |       0 |   53967 |   0.0 |       0 |      65 |   0.0 |  1712
      Depths:4 |       0 |   41323 |   0.0 |       0 |      40 |   0.0 |  1079
      Depths:5 |       0 |   68126 |   0.0 |       0 |      62 |   0.0 |  2653
          Hell |       0 |   66234 |   0.0 |       0 |      84 |   0.0 |   775
         Dis:1 |       0 |    5461 |   0.0 |       0 |       9 |   0.0 |   108
         Dis:2 |       0 |    9127 |   0.0 |       0 |      26 |   0.0 |   198
         Dis:5 |       0 |   25620 |   0.0 |       0 |      28 |   0.0 |   352
         Dis:6 |       0 |    5214 |   0.0 |       0 |      19 |   0.0 |   147
         Dis:7 |       0 |   48770 |   0.0 |       0 |      34 |   0.0 |   422
         Geh:1 |       0 |    8529 |   0.0 |       0 |      15 |   0.0 |    96
         Geh:2 |       0 |    4799 |   0.0 |       0 |       9 |   0.0 |    68
         Geh:3 |       0 |   25062 |   0.0 |       0 |      48 |   0.0 |   255
         Geh:4 |       0 |    2272 |   0.0 |       0 |      12 |   0.0 |   165
         Geh:5 |       0 |    6507 |   0.0 |       0 |      14 |   0.0 |    81
         Geh:6 |       0 |     617 |   0.0 |       0 |       2 |   0.0 |    20
         Geh:7 |       0 |  148100 |   0.0 |       0 |     190 |   0.0 |  1961
         Zot:1 |       0 |  130699 |   0.0 |       0 |      65 |   0.0 |  2224
         Zot:2 |       0 |  111843 |   0.0 |       0 |      58 |   0.0 |  2322
         Zot:3 |       0 |   29256 |   0.0 |       0 |      18 |   0.0 |   844
         Zot:4 |       0 |   68612 |   0.0 |       0 |      30 |   0.0 |  1231
         Zot:5 |       0 |  186984 |   0.0 |       0 |      63 |   0.0 |  2361
       Abyss:2 |    6440 |     993 |  86.6 |      10 |       2 |  83.3 |   162
         IceCv |       0 |   11652 |   0.0 |       0 |      51 |   0.0 |   670
    Desolation |       0 |   52556 |   0.0 |       0 |     100 |   0.0 |  1728
               +---------+---------+-------+---------+---------+-------+---------

Vault maps used:
D:1:      dpeg_arrival_connections, minmay_statues_item, minmay_hedge_maze,
          serial_bayou_pond_c
D:3:      lemuel_doored_altar, grunt_qazlal_sundering, kennysheep_slug_shrine,
          gammafunk_ghost_grave, tso_altar
D:4:      vehumet_crystals, minmay_misc_feat_diagonals, cheibrodos_gnoll_hut,
          uniq_sigmund, uniq_natasha
D:5:      chequers_temple_overflow_statue_of_worship,
          chequers_temple_overflow_minitemple, first_ration,
          ebering_ghost_sewer_d, grunt_gozag_breadcrumbs
D:6:      minmay_joined_circles
D:7:      minmay_temple_entry_junction
D:8:      kennysheep_mini, serial_shops, shop, uniq_erica
D:9:      erik_lair_orcish_takeover, serial_shops, shop
D:10:     nicolae_trove_entry_diagonal
D:12:     david_orc_1_choice, serial_shops, kennysheep_mini_moat,
          grunt_tengu_nest, uniq_josephine, uniq_rupert, uniq_harold
D:14:     grunt_vaults_entry_fortified, minivault_19, uniq_roxanne
D:15:     grunt_enter_depths_snipers, minmay_misc_feat_tower,
          grunt_ministairs_13, kennysheep_treasure_room
Lair:1:   infiniplex_staircase_pool_2, serial_bayou_shore_b, grunt_megastairs_3
Lair:2:   spider_nest_entry_web_field, grunt_megastairs_4,
          infiniplex_staircase_pool, lemuel_fruit_tree,
          minmay_lair_oklob_chamber
Lair:3:   minivault_25, lemuel_fruit_fields, serial_bayou_shore_b,
          uniq_gastronok, uniq_urug, uniq_fannar
Lair:4:   minmay_shoals_entry_lonely_mermaid, portal_ice_cave_entry_ice_beasts,
          serial_bayou_shore_b
Lair:6:   cheibrodos_lair_end_hotspot, dpeg_slime_entry_corner, st_stairs_10,
          uniq_nessos
Shoals:1: nicolae_shoals_wave_tunnel
Shoals:2: hangedman_shoal_volcano
Shoals:3: serial_shops, nicolae_shop_waterfront, uniq_mara
Shoals:4: shoals_end_hangedman, shoal_ilsuiw, nicolae_shoals_this_corrosion
Spider:1: spider_trap, minmay_another_anthill, uniq_donald
Spider:2: nicolae_orb_stairs, uniq_aizul, uniq_arachne
Spider:4: johnstein_spider_rune_arachne_lair
Slime:1:  cheibrodos_slime_lost_civilization_7
Slime:3:  nicolae_slime_jelly_donut, nicolae_slime_barrier
Orc:1:    basic_altar, uniq_nergalle
Orc:2:    pubby_orc_utopia
Elf:1:    minmay_elf_arrival_plus, ebering_ghost_xom, hangedman_elf_represent,
          uniq_azrael
Elf:3:    elf_hall, serial_shops, nicolae_shop_behind_doors,
          minmay_elf_demonology
Vaults:1: v_misc_5, v_alt_pattern_2, vaults_mumra_chevron, v_misc_19,
          vaults_room_grunt_arrival_ludios, serial_shops, shop
Vaults:2: v_misc_14, v_alt_pattern_5, vaults_room_door_ring,
          special_room_vaults, hangedman_vaults_capsules,
          nicolae_vaults_network_barrier, ontoclasm_vaults_pinch,
          minmay_crypt_entry_simple_box, vaults_dpeg_cross, v_misc_23
Vaults:3: vaults_mumra_hex, vaults_mumra_bighexcomb,
          nicolae_vaults_twisting_passages, v_rooms_5, v_misc_11,
          hangedman_vaults_trim, vaults_room_grid, vaults_room_door_ring,
          vaults_dpeg_ring, nicolae_vaults_mini_display_case
Vaults:4: v_rooms_6, st_smaller_cells, v_pattern_4, v_misc_16,
          nicolae_vaults_yaktaur_gun_rack, vaults_room_fancy_cross, v_misc_2,
          ontoclasm_vaults_ligature, v_misc_17, v_misc_13,
          hangedman_vaults_stretched_pinwheel, nicolae_vaults_angled_halls,
          vaults_room_fours, basic_altar, portal_desolation_entry_salt,
          uniq_mennas
Crypt:1:  minmay_skeleton_keep
Crypt:2:  uniq_khufu
Crypt:3:  quadcrypt_mu, uniq_frederick
Depths:1: rand_demon_pan_entry_5, grunt_hell_entry_dis_grunt,
          minmay_item_behind_shaft, small_chamber_with_monster,
          nicolae_two_hexagons, laboratory, firewood_loft, uniq_jorgrun
Depths:2: kennysheep_windowed_halls, enter_ziggurat_f,
          ebering_ghost_inner_flame, hell_entry, minmay_staircase_statues,
          minmay_shoptagon, uniq_saint_roka, uniq_nikola, uniq_asterion
Depths:3: cheibrodos_tormentor_scu, serial_bayou_pond_e, grunt_hell_horde,
          pan_entry, serial_sigils_hangedman_leer
Depths:4: cheibrodos_quadrivalence, abyss_entry, minmay_holes, hell_entry,
          uniq_margery
Depths:5: evilmike_zot_entry_argh, hangedman_abyss_entry_splay,
          minmay_misc_feat_alley, hangedman_tar_grid_catacomb, tgw_xom
Dis:3:    door_vault
Dis:6:    lemuel_elevator
Dis:7:    iron_city_of_dis
Geh:5:    nicolae_geh_single_fiery_grave
Geh:7:    geh_grunt
Zot:1:    grunt_zot_stairs_mandelzot, grunt_megastairs_2
Zot:2:    regret_index_qazlal_generations
Zot:3:    grunt_megastairs_1
Zot:5:    grunt_ministairs_11, hangedman_zot_decor_checkerboard,
          hangedman_zot_decor_tridents
Trove:    trove_jewel_2
IceCv:    ice_cave_caverns_02

Table legend:
 A = Turns spent in this place as a percentage of turns spent in the entire game.
 B = Non-inter-level travel turns spent in this place as a percentage of non-inter-level travel turns spent in the entire game.
 C = Inter-level travel turns spent in this place as a percentage of turns spent in this place.
 D = Turns resting spent in this place as a percentage of non-inter-level travel turns spent in this place.
 E = Turns spent auto-exploring this place as a percentage of non-inter-level travel turns spent in this place.
 F = Non-inter-level travel turns spent in this place divided by the number of levels of this place that you've seen.
                   A       B       C       D       E      F
               +-------+-------+-------+-------+-------+----------------------
         Total | 100.0 | 100.0 |  10.0 |   8.6 |  56.9 | 951.2
       Dungeon |  20.0 |  18.7 |  16.0 |   1.9 |  74.1 | 901.4
          Lair |   8.6 |   7.5 |  21.1 |   3.3 |  70.1 | 905.0
        Shoals |   6.6 |   6.8 |   6.5 |  12.3 |  62.4 | 1231.2
   Spider Nest |   6.4 |   6.9 |   2.9 |   1.8 |  65.6 | 1244.5
    Slime Pits |   2.1 |   2.3 |   4.2 |  45.4 |   7.2 | 330.0
  Orcish Mines |   3.4 |   3.0 |  21.4 |   0.2 |  62.1 | 1067.5
   Elven Halls |   4.3 |   4.4 |   7.9 |   3.5 |  62.6 | 1071.0
        Vaults |  12.4 |  12.6 |   8.8 |  15.3 |  42.5 | 1816.6
         Crypt |   4.8 |   4.8 |   9.4 |   2.1 |  57.9 | 1155.7
        Depths |  11.2 |  11.6 |   6.8 |  12.7 |  55.9 | 1679.0
          Hell |   1.0 |   0.9 |  13.9 |   0.0 |  38.4 | 667.0
           Dis |   1.5 |   1.7 |   0.0 |   0.0 |  42.7 | 177.3
       Gehenna |   3.3 |   3.6 |   1.7 |   4.3 |  36.8 | 371.4
           Zot |  11.2 |  11.6 |   6.6 |  18.0 |  49.2 | 1677.2
         Abyss |   0.2 |   0.2 |   0.0 |   0.0 |  51.9 | 162.0
         Trove |   0.0 |   0.1 |   0.0 |   0.0 |   0.0 |  40.0
      Ice Cave |   0.8 |   0.9 |   0.0 |   0.4 |  40.3 | 670.0
    Desolation |   2.2 |   2.4 |   0.0 |   3.7 |  40.7 | 1728.0
               +-------+-------+-------+-------+-------+----------------------

Table legend:
 A = Kills in this place as a percentage of kills in entire the game.
 B = Kills by you in this place as a percentage of kills by you in the entire game.
 C = Kills by friends in this place as a percentage of kills by friends in the entire game.
 D = Other kills in this place as a percentage of other kills in the entire game.
 E = Experience gained in this place as a percentage of experience gained in the entire game.
 F = Experience gained in this place divided by the number of levels of this place that you have seen.
                   A       B       C       D       E      F
               +-------+-------+-------+-------+-------+----------------------
         Total | 100.0 | 100.0 |   N/A | 100.0 | 100.0 | 29980.3
       Dungeon |  13.1 |  13.1 |   N/A |   0.0 |   2.9 | 4449.4
          Lair |   5.6 |   5.6 |   N/A |   0.0 |   2.4 | 8963.8
        Shoals |   4.6 |   4.6 |   N/A |   6.7 |   3.8 | 21908.0
   Spider Nest |   7.4 |   7.4 |   N/A |   0.0 |   4.4 | 24904.2
    Slime Pits |   3.0 |   3.1 |   N/A |   0.0 |   3.7 | 16971.2
  Orcish Mines |   5.3 |   5.4 |   N/A |   0.0 |   1.1 | 12619.5
   Elven Halls |   4.2 |   4.1 |   N/A |  33.3 |   4.8 | 36634.7
        Vaults |  14.4 |  14.4 |   N/A |  13.3 |  15.7 | 71359.6
         Crypt |   6.7 |   6.7 |   N/A |   0.0 |   7.4 | 56109.7
        Depths |   9.0 |   8.9 |   N/A |  13.3 |  11.9 | 54051.4
          Hell |   2.5 |   2.5 |   N/A |   0.0 |   2.9 | 66234.0
           Dis |   3.5 |   3.5 |   N/A |   0.0 |   4.1 | 13456.0
       Gehenna |   8.7 |   8.7 |   N/A |  20.0 |   8.6 | 27983.7
           Zot |   7.1 |   7.1 |   N/A |   6.7 |  23.1 | 105478.8
         Abyss |   0.4 |   0.4 |   N/A |   0.0 |   0.3 | 7433.0
      Ice Cave |   1.5 |   1.5 |   N/A |   6.7 |   0.5 | 11652.0
    Desolation |   3.0 |   3.0 |   N/A |   0.0 |   2.3 | 52556.0
               +-------+-------+-------+-------+-------+----------------------
